 Dungeon Crawl Stone Soup version 0.20-a0-430-gb54fec0 (webtiles) character file.

18206627 Implojin the Conqueror (level 27, 323/323 HPs)
             Began as a Troll Fighter on Jan 12, 2017.
             Was the Champion of Okawaru.
             Escaped with the Orb
             ... and 15 runes!
             The game lasted 06:36:38 (85012 turns).

Implojin the Conqueror (Troll Fighter)             Turns: 85012, Time: 06:36:39

Health: 323/323    AC: 32    Str: 41    XL:     27
Magic:  32/42      EV: 37    Int:  7    God:    Okawaru [******]
Gold:   12168      SH: 32    Dex: 33    Spells: 2/26 levels left

rFire  + + +     SeeInvis .       - Unarmed
rCold  + + .     Gourm    +     f - +10 pearl dragon scales of Goodbye, My Love {rF+++ rN+ Regen+ Int+3 Slay-3, I DO NOT WISH TO WEAR NEGATIVE MIKEE}
rNeg   + + .     Faith    +     k - +3 large shield of Hysteria {Dex+5}
rPois  +         Spirit   .     n - +2 hat of Mesa {rC+ rCorr MP+9 Stlth+}
rElec  +         Reflect  .     o - +0 cloak of the Garden {rCorr Dex+7}
rCorr  +         Harm     .     (gloves unavailable)
MR     ++++.     Rnd*Tele +     (boots unavailable)
Stlth  +.........               t - amulet of faith
                                Y - ring "Geobauv" {rF+ rN+ MR+ Str+4}
                                D - ring of Toxuown {rElec rPois rF+ MR+ Str+2}

@: mighty, agile, appendage (expiring), resistant, flying, contaminated,
starving, hasted, glowing, repel missiles, invisible (but backlit and visible),
very quick
A: unfitting armour, claws 3, talons 3, clumsy 1, deformed body, deterioration
1, fast metabolism 3, gourmand, low mp 1, regeneration 1, screaming 1, shaggy
fur 1, teleportitis 1, tough skin 2, weak 1, MP-powered wands
0: Orb of Zot
}: 15/15 runes: serpentine, barnacled, slimy, silver, golden, iron, obsidian,
icy, bone, abyssal, demonic, glowing, magical, fiery, dark
a: End Transformation, Heroism, Finesse, Renounce Religion


You escaped.
You worshipped Okawaru.
Okawaru was exalted by your worship.
You were starving.
You had grown temporary talons.
You visited 16 branches of the dungeon, and saw 84 of its levels.
You visited Pandemonium 1 time, and saw 34 of its levels.
You visited the Abyss 3 times.
You also visited: Sewer, Ice Cave and Volcano.

You collected 15867 gold pieces.
You spent 3699 gold pieces at shops.

Inventory:

Hand Weapons
 y - the +15 lance "Wyrmbane" {slay drac, rPois rF+ rC+ AC+3}
   (Okawaru gifted it to you in Pandemonium)

   It affects your AC (+3).
   It protects you from fire.
   It protects you from cold.
   It protects you from poison.
Missiles
 l - 196 large rocks (quivered)
 M - 11 throwing nets
Armour
 b - a +0 large shield of cold resistance
 f - the +10 pearl dragon scales of Goodbye, My Love (worn) {rF+++ rN+ Regen+ Int+3 Slay-3, I DO NOT WISH TO WEAR NEGATIVE MIKEE}
   (You acquired it on level 1 of the Crypt)

   It affects your intelligence (+3).
   It affects your accuracy and damage with ranged weapons and melee attacks
   (-3).
   It renders you almost immune to fire.
   It protects you from negative energy.
   It increases your rate of regeneration.
 k - the +3 large shield of Hysteria (worn) {Dex+5}
   (You took it off a daeva in Pandemonium)

   It affects your dexterity (+5).
 n - the +2 hat of Mesa (worn) {rC+ rCorr MP+9 Stlth+}
   (Okawaru gifted it to you on level 1 of the Crypt)

   It protects you from cold.
   It affects your magic capacity (+9).
   It protects you from acid and corrosion.
   It makes you more stealthy.
 o - the +0 cloak of the Garden (worn) {rCorr Dex+7}
   (You bought it in a shop on level 1 of the Orcish Mines)

   It affects your dexterity (+7).
   It protects you from acid and corrosion.
 p - a +2 cloak of magic resistance
 s - the +0 hat of Insurance {rPois Str+2 Int-3 Stlth+}
   (You acquired it on level 1 of the Tomb of the Ancients)

   It affects your strength (+2).
   It affects your intelligence (-3).
   It protects you from poison.
   It makes you more stealthy.
 u - the +2 hat "Cuenweb" {rPois rC+}
   (You acquired it on level 6 of the Lair of Beasts)

   It protects you from cold.
   It protects you from poison.
 H - the +4 large shield of Generosity {rElec rPois rF+}
   (You acquired it on level 1 of the Tomb of the Ancients)

   It protects you from fire.
   It insulates you from electricity.
   It protects you from poison.
 Q - the +6 large shield of Ignorance {rN+ AC+4 Int-6 *Curse}
   (Okawaru gifted it to you on level 4 of the Abyss)

   It affects your AC (+4).
   It affects your intelligence (-6).
   It protects you from negative energy.
   It may re-curse itself when equipped.
Jewellery
 h - the ring of the Centipede {Ice rElec Str+6 Int-4}
   (You found it on level 3 of the Snake Pit)

   [ring of ice]

   It enhances your ice magic.
   It affects your strength (+6).
   It affects your intelligence (-4).
   It makes you vulnerable to fire.
   It protects you from cold.
   It insulates you from electricity.
 t - an amulet of faith (around neck)
 v - an uncursed ring of protection from cold
 A - the ring "Hun Awis" {+Inv rElec rF+ Str+3 Int+4}
   (You bought it in a shop on level 2 of the Depths)

   [ring of strength]

   It affects your strength (+3).
   It affects your intelligence (+4).
   It protects you from fire.
   It insulates you from electricity.
   It lets you turn invisible.
 D - the ring of Toxuown (left claw) {rElec rPois rF+ MR+ Str+2}
   (You found it on level 3 of the Tomb of the Ancients)

   [ring of protection from magic]

   It affects your strength (+2).
   It protects you from fire.
   It insulates you from electricity.
   It protects you from poison.
   It affects your resistance to hostile enchantments.
 K - the amulet of the Four Winds {rN+ MR+++ Clar}
   (You found it in an ice cave)

   [amulet of nothing]

   It protects you from negative energy.
   It affects your resistance to hostile enchantments.
   It protects you against confusion.
 N - an uncursed ring of flight
 P - the amulet "Wyaly" {Reflect rF+ Int+4 SH+3}
   (You took it off a balrug in Pandemonium)

   [amulet of reflection]

   It shields you and reflects attacks.
   It affects your intelligence (+4).
   It protects you from fire.
   It affects your SH (+3).
 R - the ring of the Albatross {Ice rElec rN+ Str-4 SInv}
   (You took it off a balrug in Pandemonium)

   [ring of ice]

   It enhances your ice magic.
   It affects your strength (-4).
   It makes you vulnerable to fire.
   It protects you from cold.
   It insulates you from electricity.
   It protects you from negative energy.
   It lets you see invisible.
 W - the ring of the Present {rElec rF+ Str+3 Int+9 Dex-3}
   (You found it on level 11 of the Dungeon)

   [ring of strength]

   It affects your strength (+3).
   It affects your intelligence (+9).
   It affects your dexterity (-3).
   It protects you from fire.
   It insulates you from electricity.
 Y - the ring "Geobauv" (right claw) {rF+ rN+ MR+ Str+4}
   (You found it on level 3 of the Crypt)

   [ring of positive energy]

   It affects your strength (+4).
   It protects you from fire.
   It protects you from negative energy.
   It affects your resistance to hostile enchantments.
 Z - the amulet "Unkoymma" {rF++ rN+ Regen+ Dex+4}
   (You took it off a fire giant on level 3 of the Depths)

   [amulet of regeneration]

   It affects your dexterity (+4).
   It greatly protects you from fire.
   It protects you from negative energy.
   It increases your rate of regeneration.
Wands
 I - a wand of digging (0/24)
 U - a wand of digging (9/24)
 X - a wand of digging (9/24)
Scrolls
 i - 9 scrolls of enchant armour
 x - 4 scrolls of teleportation
 F - 7 scrolls of identify
 G - 33 scrolls of remove curse
 J - 11 scrolls of recharging
 O - 7 scrolls of fear
 S - a scroll of summoning
 T - a scroll of silence
Potions
 a - 3 potions of agility
 e - 29 potions of curing
 g - 2 potions of resistance
 j - 8 potions of lignification
 r - 11 potions of flight
 B - 3 potions of heal wounds
 C - 4 potions of invisibility
 E - 5 potions of magic
 L - a potion of haste
 V - a potion of cancellation
Miscellaneous
 m - a figurine of a ziggurat
 z - 2 phantom mirrors
Comestibles
 d - 20 bread rations
 q - 19 fruits


   Skills:
 O Level 27 Fighting
 - Level 22.0 Armour
 - Level 22.0 Dodging
 - Level 22.0 Shields
 O Level 27 Unarmed Combat
 - Level 4.2 Charms
 - Level 7.6 Air Magic
 * Level 23.3 Invocations
 - Level 10.0 Evocations


You had 2 spell levels left.
You knew the following spells:

 Your Spells              Type           Power        Failure   Level  Hunger
a - Repel Missiles        Chrm/Air       #.....       12%         2    ###....
b - Summon Small Mammal   Summ           #...         69%         1    ##.....
c - Animate Skeleton      Necr           N/A          69%         1    ##.....
d - Spectral Weapon       Hex/Chrm       #.......     83%         3    ####...
e - Cause Fear            Hex            #.........   100%        4    #####..
f - Beastly Appendage     Tmut           #.....       69%         1    ##.....
g - Blink                 Tloc           N/A          88%         2    ###....
h - Apportation           Tloc           #.........   69%         1    ##.....
i - Borgnjor's Revivific  Necr           #.........   100%        8    #######
j - Summon Butterflies    Summ           #.......     69%         1    ##.....


Dungeon Overview and Level Annotations

Branches:
Dungeon (15/15)            Temple (0/1) D:6            Lair (6/6) D:11
 Shoals (4/4) Lair:3        Snake (4/4) Lair:2        Slime (5/5) Lair:6
    Orc (2/2) D:10            Elf (0/3) Orc:2        Vaults (5/5) D:13
  Crypt (3/3) Vaults:3       Tomb (3/3) Crypt:3      Depths (5/5) D:15
   Hell (1/1)                 Dis (7/7) Hell            Geh (7/7) Hell
    Coc (7/7) Hell            Tar (7/7) Hell            Zot (5/5) Depths:5

Altars:
Ashenzari
Cheibriados
Dithmenos
Fedhas
Hepliaklqana
Kikubaaqudgha
Makhleb
Nemelex Xobeh
Okawaru
Qazlal
Ru
Sif Muna
Uskayaw
Xom
Yredelemnul
Zin
The Shining One
Jiyva

Shops:
D:5 =   Orc:1 [   Orc:2 *(:[   Shoals:2 [!!   Snake:2 :[:   Snake:4 [}!(
Vaults:4 *   Depths:2 =(*

Portals:
Hell: Depths:1 Depths:2 Depths:3 Depths:4 Depths:5
Abyss: Depths:2 Depths:3 Depths:4
Pandemonium: Depths:3 Depths:4 Depths:5
Ziggurat: Depths:1

Annotations:
Geh:5 22 runed doors
Zot:1 exclusion: downstairs


Innate Abilities, Weirdness & Mutations

You are too large for most types of armour.
You have claws for hands.
Your metabolism is lightning-fast.
You like to eat raw meat.
Your natural rate of healing is unusually fast.
You are covered in fur. (AC +1)
You have very tough skin. (AC +2)
You have claws for feet.
You are clumsy. (Dex -2)
Armour fits poorly on your strangely shaped body.
Your body sometimes deteriorates upon taking damage.
Your magical capacity is low. (-10% MP)
You occasionally shout uncontrollably at your foes.
You are occasionally teleported next to monsters.
You are weak. (Str -2)
You expend magic power (3 MP) to strengthen your wands.


Message History

Okay, then.
Cast which spell? (? or * to list)
You feel protected from missiles.
You are near starving!
Casting: Repel Missiles
Confirm with . or Enter, or press ? or * to list all spells.
You miscast Beastly Appendage.
Your claws glow momentarily.
Casting: Beastly Appendage
Confirm with . or Enter, or press ? or * to list all spells.
You miscast Beastly Appendage.
Your skin tingles.
Casting: Beastly Appendage
Confirm with . or Enter, or press ? or * to list all spells.
You miscast Beastly Appendage.
Nothing appears to happen.
Casting: Beastly Appendage
Confirm with . or Enter, or press ? or * to list all spells.
You miscast Beastly Appendage.
Strange energies run through your body.
Casting: Beastly Appendage
Confirm with . or Enter, or press ? or * to list all spells.
You miscast Beastly Appendage.
The air around you crackles with energy!
Casting: Beastly Appendage
Confirm with . or Enter, or press ? or * to list all spells.
You miscast Beastly Appendage.
You are lightly contaminated with residual magic.
You smell something strange.
Casting: Beastly Appendage
Confirm with . or Enter, or press ? or * to list all spells.
Your feet morph into talons.
Casting: Beastly Appendage
Confirm with . or Enter, or press ? or * to list all spells.
You miscast Summon Butterflies.
The world appears momentarily distorted.
Casting: Summon Butterflies
Confirm with . or Enter, or press ? or * to list all spells.
You miscast Blink.
You are contaminated with residual magic.
Strange energies run through your body.
You are starving!
You don't have the energy to cast that spell.
You have escaped!

#...##.....#.#
#
##...##.......#
#
#.....8......##
#
##.........###
# ##.......## #
##.....###
#.....##
#...### ##@##
###


There were no monsters in sight!

Vanquished Creatures
  Cerebov (Pan)
  Antaeus (Coc:7)
  Asmodeus (Geh:7)
  the Royal Jelly (Slime:5)
  10 pandemonium lords
  Gloorx Vloq (Pan)
  A seraph (Pan)
  Mnoleg (Pan)
  the Serpent of Hell (Dis:7)
  Ereshkigal (Tar:7)
  Lom Lobon (Pan)
  Dispater (Dis:7)
  Khufu (Tomb:3)
  7 ancient liches
  6 orbs of fire
  Mennas (Pan)
  A juggernaut (Abyss:1)
  Mara (Vaults:3)
  30 greater mummies
  14 shard shrikes
  Boris (Vaults:2)
  Margery (Vaults:2)
  Frederick (Depths:5)
  Xtahua (Crypt:1)
  A curse toe (Zot:5)
  6 Killer Klowns
  Saint Roka (Crypt:2)
  Geryon (Hell)
  13 golden dragons
  the Enchantress (Depths:1)
  2 profane servitors (Abyss:4)
  A pearl dragon (Pan)
  18 Tzitzimimeh
  14 Brimstone Fiends
  19 bone dragons
  2 electric golems (Zot:5)
  5 doom hounds
  A hellephant (Abyss:4)
  4 iron giants (Dis:7)
  15 tentacled monstrosities
  8 Hell Sentinels
  28 Orb Guardians
  14 liches
  16 Ice Fiends
  Asterion (Vaults:3)
  10 titans
  4 quicksilver dragons
  2 eldritch tentacles
  21 acid blobs
  Polyphemus (Shoals:2)
  11 sphinxes
  A kraken (Shoals:2)
  33 Executioners
  12 ancient champions
  15 tentacled starspawn
  5 death cobs
  Agnes (D:15)
  5 tengu reavers
  8 storm dragons
  11 shadow dragons
  12 azure jellies
  7 draconian monks
  20 daevas
  Ilsuiw (Shoals:3)
  3 revenants
  Roxanne (D:15)
  7 frost giants
  12 fire giants
  2 orc warlords (Orc:2)
  2 frost giants (shapeshifter) (Depths:4)
  6 draconian scorchers
  6 iron dragons
  11 nagarajas
  4 deep elf sorcerers
  Aizul (Crypt:1)
  2 draconian knights
  4 ghost moths
  Louise (Snake:2)
  36 balrugs
  14 vault wardens
  4 draconian shifters
  8 warmongers (Pan)
  71 large abominations
  14 cacodemons
  2 curse skulls (Pan)
  19 war gargoyles
  A deep elf elementalist (Depths:3)
  4 draconian stormcallers
  18 ironheart preservers
  3 spriggan defenders (Depths:1)
  9 ghouls
  33 angels (Pan)
  42 very ugly things
  6 blood saints (Pan)
  5 draconian annihilators
  An elemental wellspring (Coc:7)
  13 ophanim (Pan)
  24 stone giants
  43 reapers
  27 apis (Pan)
  A stone giant (shapeshifter) (Depths:4)
  6 bennus
  7 green draconians
  A black sun (Pan)
  2 deep elf demonologists
  10 vampire knights
  Nessos (D:15)
  9 corrupters (Pan)
  3 black draconians
  8 deep elf annihilators
  A dire elephant (shapeshifter) (Vaults:1)
  8 red draconians
  7 white draconians
  6 lorocyprocas
  10 purple draconians
  A spark wasp (Depths:3)
  30 blizzard demons
  5 yellow draconians
  7 eidola
  22 green deaths
  5 merfolk javelineers
  15 ettins
  9 death oozes (Slime:5)
  27 mummy priests
  3 jiangshi (Crypt:1)
  6 quicksilver dragon zombies
  10 merfolk impalers
  4 deep elf high priests
  16 crystal guardians
  17 fire dragons
  3 deep elf death magi
  20 ice dragons
  2 kraken zombies
  17 yaktaur captains
  11 hell beasts
  10 great orbs of eyes
  A quicksilver dragon skeleton (Pan)
  A ghost crab (shapeshifter) (Depths:5)
  Erolcha (D:9)
  A hydra (shapeshifter) (Depths:4)
  8 hydras
  14 rakshasas
  6 catoblepae
  11 naga warriors
  9 monstrous demonspawn (Pan)
  A catoblepas (shapeshifter) (Depths:4)
  A juggernaut simulacrum (Pan)
  An alligator snapping turtle (Shoals:4)
  40 vault guards
  8 spriggan air magi
  18 anacondas
  A ghost crab (Tar:6)
  An anaconda (shapeshifter) (Depths:3)
  An alligator (shapeshifter) (Vaults:2)
  7 merfolk aquamancers
  15 centaur warriors
  34 two-headed ogres
  25 dancing weapons
  4 death knights
  14 ogre magi
  2 satyrs (Shoals:2)
  10 death yaks
  5 deep troll earth magi
  7 deep troll shamans
  A spriggan berserker (Depths:3)
  10 hell hogs
  4 naga sharpshooters
  58 death scarabs
  3 tengu warriors
  A hell hog (shapeshifter) (Vaults:2)
  9 vampire magi
  3 orc high priests
  4 shock serpents
  4 titan zombies
  22 thrashing horrors (Abyss:4)
  2 shock serpents (shapeshifter)
  4 storm dragon zombies
  6 spriggans (Depths:1)
  A fire crab (shapeshifter) (Depths:1)
  82 sun demons
  2 iron golems (Hell)
  39 soul eaters
  6 titan skeletons
  4 deep elf knights
  37 hell knights
  18 wretched stars
  7 shadow wraiths
  13 spatial maelstroms
  3 iron trolls
  31 sixfirhies
  An unseen horror (Vaults:1)
  28 deep trolls
  4 storm dragon skeletons
  6 infernal demonspawn (Pan)
  3 salamander mystics
  A swamp dragon (shapeshifter) (Depths:4)
  A spark wasp zombie (Hell)
  A death drake (Tar:7)
  A quicksilver dragon simulacrum (Coc:3)
  An unseen horror (shapeshifter) (Vaults:3)
  24 shadow demons
  7 golden dragon zombies
  78 skeletal warriors
  An orange crystal statue (Depths:1)
  A deep troll (shapeshifter) (Depths:3)
  9 anaconda zombies
  8 gelid demonspawn
  13 glowing orange brains
  14 torturous demonspawn (Pan)
  13 cherubim (Pan)
  4 obsidian statues (Depths:4)
  22 necromancers
  10 wizards
  6 naga ritualists
  2 shadow dragon zombies
  11 sea snakes
  3 golden dragon skeletons
  4 deep elf archers
  2 tengu zombies (Vaults:3)
  7 flayed ghosts
  14 harpies
  A harpy (shapeshifter) (Depths:5)
  10 anaconda skeletons
  7 fire giant zombies
  13 phantasmal warriors
  A lindwurm (shapeshifter) (Vaults:5)
  4 wolf spider zombies
  10 orc knights
  4 iron dragon zombies
  5 wolf spiders
  A mana viper (shapeshifter) (Depths:3)
  18 deep elf magi
  64 ugly things
  9 mana vipers
  15 cyclopes
  6 orc sorcerers
  24 ironbrand convokers
  3 stone giant zombies
  110 slime creatures
  8 shining eyes
  9 worldbinders (Abyss:4)
  4 rime drakes
  4 oklob plants (Lair:5)
  An orb spider (shapeshifter) (Abyss:4)
  21 manticores
  A shining eye (shapeshifter) (Depths:3)
  17 moths of wrath
  19 fauns
  15 salamanders
  2 fauns (shapeshifter)
  4 shadow dragon skeletons
  7 frost giant zombies
  A tengu skeleton (Depths:3)
  14 guardian serpents
  A shock serpent zombie (Tar:2)
  2 elephants (shapeshifter)
  7 ice statues
  6 fire giant skeletons
  Joseph (D:7)
  5 iron dragon skeletons
  18 naga magi
  29 rust devils
  19 vault sentinels
  An eye of devastation (shapeshifter) (Depths:4)
  23 black mambas
  4 stone giant skeletons
  4 dire elephant zombies
  2 eyes of devastation
  6 frost giant skeletons
  47 smoke demons
  5 spectral swamp worms (Tar:7)
  5 water nymphs
  12 spiny frogs
  5 gargoyles
  2 shock serpent skeletons
  3 emperor scorpion zombies
  3 dire elephant skeletons
  A black mamba (shapeshifter) (Abyss:4)
  2 yaktaur zombies (Hell)
  14 molten gargoyles
  3 apocalypse crabs (Abyss:4)
  36 orange demons
  2 kobold demonologists (Abyss:4)
  A pale draconian zombie (Crypt:1)
  A torpor snail (Lair:5)
  A rime drake (shapeshifter) (Depths:1)
  37 yaktaurs
  2 catoblepas zombies
  11 efreet
  29 hellions
  A yaktaur (shapeshifter) (Vaults:3)
  25 hellwings
  19 ice devils
  7 komodo dragons
  4 tengu conjurers (Depths:3)
  An anaconda simulacrum (Coc:3)
  31 freezing wraiths
  53 guardian mummies
  A spark wasp simulacrum (Depths:3)
  16 demonic crawlers
  A sea snake zombie (Crypt:1)
  11 ancient zymes (Abyss:4)
  2 human skeletons
  34 red devils
  A meliai (shapeshifter) (Vaults:2)
  37 tormentors
  A grey draconian skeleton (Crypt:1)
  A silent spectre (Tar:6)
  123 flying skulls
  A jumping spider (shapeshifter) (Vaults:2)
  8 hornets
  40 merfolk
  A minotaur skeleton (Crypt:2)
  A wolf spider simulacrum (D:15)
  A pale draconian skeleton (Crypt:1)
  A tengu simulacrum (Vaults:3)
  3 hogs (D:13)
  A polar bear (Lair:6)
  6 harpy zombies
  10 trolls
  10 hydra skeletons
  10 hydra zombies
  A harpy skeleton (Pan)
  15 blink frogs
  11 snapping turtles
  22 wind drakes
  2 frost giant simulacra
  A slime creature (shapeshifter) (Vaults:5)
  A spriggan zombie (Hell)
  2 bog bodies
  6 ettin zombies
  2 fire dragon zombies
  2 raiju (shapeshifter)
  13 dream sheep
  38 raiju (Abyss:4)
  7 alligator zombies
  A stone giant simulacrum (Vaults:3)
  12 hippogriffs
  2 spriggans (shapeshifter)
  Sigmund (D:2)
  An ice dragon zombie (Geh:1)
  2 fire dragon skeletons
  2 ice dragon skeletons
  A vampire (D:10)
  55 yaks
  11 air elementals
  19 shadows
  26 water elementals
  A black mamba zombie (Hell)
  A human (D:13)
  3 alligator skeletons
  5 ettin skeletons
  18 wraiths
  33 ynoxinuls
  20 ushabtiu
  2 tarantellas (shapeshifter)
  7 fire bats
  22 fire elementals
  5 wyverns
  A basilisk (shapeshifter) (Vaults:2)
  A hog (shapeshifter) (Abyss:4)
  27 neqoxecs
  2 basilisks
  23 chaos spawn
  5 hungry ghosts
  7 vampire mosquitoes (D:13)
  33 nagas
  2 insubstantial wisps (Depths:4)
  6 wargs
  20 spatial vortices
  6 acid dragons
  A soldier ant (D:15)
  2 merfolk zombies (Dis:7)
  11 spiny frog zombies
  7 water moccasins
  2 floating eyes
  A porcupine (shapeshifter) (Depths:4)
  8 porcupines
  53 hell hounds
  3 hydra simulacra
  2 black bears
  A deep troll skeleton (Vaults:2)
  26 small abominations (Abyss:4)
  A merfolk skeleton (Geh:1)
  An alligator simulacrum (Coc:2)
  A faun skeleton (Crypt:2)
  2 torturous demonspawn skeletons (Crypt:2)
  21 ice beasts
  A spiny frog skeleton (Coc:5)
  38 orc warriors
  A dream sheep zombie (Crypt:2)
  5 sky beasts
  8 phantoms
  16 necrophages
  A snapping turtle skeleton (Geh:5)
  41 ogres
  2 ettin simulacra
  3 snapping turtle zombies
  13 boggarts
  11 eyes of draining
  24 centaurs
  7 wolves
  A swamp dragon skeleton (Tar:7)
  13 crocodiles
  A manticore skeleton (Geh:7)
  A big kobold (D:9)
  6 human zombies
  An elf zombie (Tar:1)
  22 bullfrogs
  A wyvern zombie (D:14)
  An elf skeleton (Tar:2)
  6 earth elementals
  2 troll zombies
  5 scorpions
  A human simulacrum (Vaults:2)
  3 killer bees (D:9)
  49 wights
  An electric eel (Lair:6)
  A raiju skeleton (Crypt:1)
  A spriggan skeleton (Pan)
  A troll skeleton (Volcano)
  5 howler monkeys
  14 crimson imps
  A bullfrog zombie (D:5)
  48 starcursed masses
  8 hounds
  6 jellies
  9 quasits
  6 centaur skeletons
  3 centaur zombies
  18 orc priests
  12 iron imps
  32 orc wizards
  2 bullfrog skeletons
  Ijyb (D:2)
  An iguana (D:13)
  15 merfolk sirens
  Natasha (D:2)
  7 worker ants
  A merfolk avatar (Sewer)
  2 naga skeletons (Volcano)
  A hound zombie (D:5)
  4 hound skeletons
  41 mummies
  A howler monkey zombie (D:5)
  3 worker ant zombies
  5 river rats
  12 adders
  6 shadow imps
  28 white imps
  An ooze (D:7)
  2 ufetubi
  A halfling skeleton (Crypt:2)
  A worm (shapeshifter) (Depths:3)
  4 worms
  3 dart slugs
  7 leopard geckos
  96 orcs
  11 giant cockroaches
  6 goblins
  10 hobgoblins
  12 jackals
  3 quokkas
  7 ball pythons
  A ball python zombie (D:6)
  4 bats
  11 frilled lizards
  A giant cockroach zombie (Crypt:2)
  13 kobolds
  A kobold zombie (Dis:1)
  A leopard gecko skeleton (D:5)
  A leopard gecko zombie (D:5)
  An orc skeleton (Pan)
  A quokka zombie (Crypt:1)
  27 rats
  A bush (Shoals:4)
  2 crawling corpses (Vaults:4)
  2 fire vortices (Pan)
  2 plants
  5 starspawn tentacles
  8 tentacles
4857 creatures vanquished.

Vanquished Creatures (collateral kills)
  A pandemonium lord (Pan)
  An Executioner (Pan)
  2 naga warriors (Snake:4)
  An anaconda (Snake:4)
  A naga ritualist (Snake:4)
  2 naga magi (Snake:4)
  A harpy skeleton (Pan)
  A naga (Snake:4)
10 creatures vanquished.

Vanquished Creatures (others)
  A quicksilver dragon (shapeshifter) (Depths:4)
  An ancient champion (Tomb:2)
  A tengu reaver (Vaults:5)
  An elemental wellspring (Coc:7)
  A blizzard demon (Pan)
  A green death (Pan)
  2 rakshasas
  A centaur warrior (Vaults:1)
  A satyr (Shoals:3)
  4 death scarabs
  2 sixfirhies (Pan)
  A shadow wraith (Vaults:3)
  2 skeletal warriors (Tomb:2)
  A wizard (Vaults:1)
  2 harpies (Shoals:4)
  A phantasmal warrior (Vaults:5)
  A stone giant zombie (Geh:7)
  A cyclops (Vaults:2)
  A faun (Shoals:2)
  A black mamba (Snake:4)
  A smoke demon (Pan)
  2 hellions
  2 hellwings (Pan)
  9 yaktaurs
  A tormentor (Pan)
  A red devil (Dis:7)
  A merfolk (Shoals:4)
  3 wind drakes (Pan)
  4 flying skulls
  2 water elementals (Depths:5)
  An air elemental (Depths:4)
  2 shadows
  3 small abominations (Abyss:4)
  A chaos spawn (Pan)
  A fire bat (Geh:3)
  An ogre (Vaults:5)
  A necrophage (Geh:1)
  2 centaurs
  A wight (Tar:2)
  A jelly (Abyss:4)
  A hound (D:7)
  5 mummies
  19 ball lightnings
  2 orcs
  12 fungi
  31 plants
  26 starspawn tentacles
  20 tentacles
183 creatures vanquished.

Grand Total: 5050 creatures vanquished

Notes
Turn   | Place    | Note
-------+----------+-------------------------------------------
     0 | D:1      | Implojin the Troll Fighter began the quest for the Orb.
     0 | D:1      | Reached XP level 1. HP: 22/22 MP: 0/0
   392 | D:1      | Reached XP level 2. HP: 24/29 MP: 1/1
   420 | D:1      | Reached skill level 3 in Unarmed Combat
   896 | D:2      | Reached XP level 3. HP: 27/36 MP: 2/2
   935 | D:2      | Noticed Natasha
   951 | D:2      | Killed Natasha
   951 | D:2      | Reached skill level 4 in Unarmed Combat
  1006 | D:2      | Noticed Ijyb
  1019 | D:2      | Killed Ijyb
  1019 | D:2      | Reached XP level 4. HP: 44/44 MP: 3/3
  1173 | D:2      | Noticed Sigmund
  1181 | D:2      | Killed Sigmund
  1181 | D:2      | Reached skill level 6 in Unarmed Combat
  1181 | D:2      | Reached XP level 5. HP: 50/50 MP: 4/4
  1495 | D:3      | Reached XP level 6. HP: 56/59 MP: 5/5
  1900 | D:3      | Found a shattered altar of Ashenzari.
  2212 | D:3      | Reached skill level 7 in Unarmed Combat
  2313 | D:4      | Reached XP level 7. HP: 57/66 MP: 6/6
  2389 | D:4      | Reached skill level 8 in Unarmed Combat
  2497 | D:4      | Found a glowing drain.
  2508 | Sewer    | Entered a sewer
  2916 | D:4      | Reached skill level 9 in Unarmed Combat
  3183 | D:5      | Entered Level 5 of the Dungeon
  3217 | D:5      | Reached skill level 3 in Fighting
  3303 | D:5      | Reached XP level 8. HP: 67/75 MP: 7/7
  3453 | D:5      | Found Nooconko's Jewellery Emporium.
  3493 | D:5      | Reached skill level 4 in Fighting
  3719 | D:5      | Found a sacrificial altar of Ru.
  3719 | D:5      | Found a shadowy altar of Dithmenos.
  3721 | D:5      | Found a hide-covered altar of Uskayaw.
  3725 | D:5      | Found a sparkling altar of Nemelex Xobeh.
  3725 | D:5      | Found an iron altar of Okawaru.
  3728 | D:5      | Found a snail-covered altar of Cheibriados.
  3730 | D:5      | Found a blossoming altar of Fedhas.
  3832 | D:5      | Became a worshipper of Warmaster Okawaru
  3953 | D:5      | Found a glowing golden altar of the Shining One.
  3968 | D:5      | Found a basalt altar of Yredelemnul.
  4252 | D:5      | Noticed an angel
  4354 | D:6      | Reached skill level 5 in Fighting
  4467 | D:6      | Found a staircase to the Ecumenical Temple.
  4574 | D:6      | Reached skill level 6 in Fighting
  4728 | D:6      | Found a sparkling altar of Nemelex Xobeh.
  4884 | D:7      | Noticed Joseph
  4897 | D:7      | Found a hazy altar of Hepliaklqana.
  5888 | D:7      | Killed Joseph
  5888 | D:7      | Reached * piety under Okawaru
  5888 | D:7      | Reached skill level 7 in Fighting
  5888 | D:7      | Reached XP level 9. HP: 93/93 MP: 8/8
  6233 | D:8      | Reached skill level 8 in Fighting
  6393 | D:8      | Noticed a two-headed ogre
  6406 | D:8      | Killed a two-headed ogre
  6406 | D:8      | Reached skill level 4 in Invocations
  6628 | D:8      | Reached ** piety under Okawaru
  6756 | D:9      | Noticed Erolcha
  6771 | D:9      | Killed Erolcha
  6771 | D:9      | Reached skill level 6 in Invocations
  6771 | D:9      | Reached XP level 10. HP: 104/104 MP: 11/13
  6847 | D:9      | Learned a level 1 spell: Apportation
  6849 | D:9      | Learned a level 1 spell: Summon Small Mammal
  6851 | D:9      | Learned a level 1 spell: Animate Skeleton
  6931 | D:9      | Noticed a two-headed ogre
  6941 | D:9      | Killed a two-headed ogre
  6941 | D:9      | Reached skill level 4 in Shields
  7372 | D:9      | Found a stormy altar of Qazlal.
  7372 | D:9      | Found a burning altar of Makhleb.
  7373 | D:9      | Found a shimmering altar of Xom.
  7495 | D:10     | Entered Level 10 of the Dungeon
  7554 | D:10     | Reached skill level 5 in Shields
  7568 | D:10     | Reached *** piety under Okawaru
  7568 | D:10     | Reached skill level 3 in Dodging
  7619 | D:10     | Reached skill level 4 in Dodging
  7624 | D:10     | Reached **** piety under Okawaru
  7627 | D:10     | Reached skill level 5 in Dodging
  7805 | D:10     | Reached skill level 6 in Dodging
  7868 | D:10     | Noticed a cyclops
  7978 | D:10     | Killed a cyclops
  7978 | D:10     | Reached XP level 11. HP: 111/111 MP: 11/14
  8371 | D:10     | Noticed a skeletal warrior
  8376 | D:10     | Reached ***** piety under Okawaru
  8377 | D:10     | Noticed a skeletal warrior
  8387 | D:10     | Reached skill level 7 in Dodging
  8503 | D:10     | Noticed a tengu warrior
  8525 | D:10     | Killed a tengu warrior
  8536 | D:10     | Reached skill level 10 in Unarmed Combat
  8640 | D:10     | Noticed a skeletal warrior
  8659 | D:10     | Killed a skeletal warrior
  8659 | D:10     | Received a gift from Okawaru
  8681 | D:10     | Killed a skeletal warrior
  8687 | D:10     | Killed a skeletal warrior
  8687 | D:10     | Reached skill level 11 in Unarmed Combat
  8746 | D:10     | Found a staircase to the Orcish Mines.
  8860 | D:11     | Noticed a centaur warrior
  8867 | D:11     | Killed a centaur warrior
  8871 | D:11     | Noticed a two-headed ogre
  8872 | D:11     | Received a gift from Okawaru
  8929 | D:10     | Killed a two-headed ogre
  8933 | D:10     | Reached skill level 12 in Unarmed Combat
  9192 | D:11     | Found a frozen archway.
  9202 | D:11     | Reached skill level 9 in Fighting
  9202 | D:11     | Reached XP level 12. HP: 81/123 MP: 6/15
  9267 | IceCv    | Entered an ice cave
  9507 | IceCv    | Noticed an ice dragon
  9507 | IceCv    | Noticed an ice dragon
  9517 | IceCv    | Killed an ice dragon
  9517 | IceCv    | Reached skill level 10 in Fighting
  9524 | IceCv    | Killed an ice dragon
 10008 | D:11     | Noticed a seven-headed hydra
 10018 | D:11     | Killed a seven-headed hydra
 10018 | D:11     | Received a gift from Okawaru
 10068 | D:11     | Reached skill level 11 in Fighting
 10137 | D:11     | Found a staircase to the Lair.
 10211 | D:11     | Noticed a vampire mage
 10217 | D:11     | Killed a vampire mage
 10262 | D:11     | Identified the Papyrus of Captivating Dark Arts
 10276 | D:11     | Learned a level 3 spell: Spectral Weapon
 10281 | D:11     | Learned a level 4 spell: Cause Fear
 10322 | D:11     | Identified Toisynoh's Catalogue of Ghastly Conjuration
 10336 | D:11     | Found a deep blue altar of Sif Muna.
 10354 | D:11     | Reached skill level 13 in Unarmed Combat
 10462 | D:11     | Received a gift from Okawaru
 10498 | D:11     | Identified the Volume of Shifting Curses
 10504 | D:11     | Learned a level 1 spell: Beastly Appendage
 10520 | D:11     | Got a brightly glowing golden ring
 10524 | D:11     | Identified the Grimoire of Congealing Dislocation
 10573 | D:11     | Identified the ring of the Present {rElec rF+ Str+3 Int+9 Dex-3} (You found it on level 11 of the Dungeon)
 10633 | D:11     | Reached XP level 13. HP: 113/137 MP: 9/16
 10636 | D:11     | Received a gift from Okawaru
 10863 | Lair:1   | Entered Level 1 of the Lair of Beasts
 10994 | Lair:1   | Reached skill level 14 in Unarmed Combat
 11192 | Lair:1   | Reached skill level 7 in Invocations
 11805 | Lair:2   | Found a staircase to the Snake Pit.
 12610 | Lair:3   | Reached skill level 8 in Invocations
 12700 | Lair:3   | Found a staircase to the Shoals.
 12726 | Lair:3   | Reached skill level 6 in Shields
 13020 | Lair:3   | Reached skill level 7 in Shields
 14381 | Lair:5   | Reached skill level 8 in Shields
 14742 | Lair:5   | Reached skill level 9 in Shields
 14756 | Lair:5   | Received a gift from Okawaru
 14760 | Lair:5   | Got a steaming giant club {god gift}
 15193 | Lair:6   | Entered Level 6 of the Lair of Beasts
 15208 | Lair:6   | Reached XP level 14. HP: 139/146 MP: 19/19
 15338 | Lair:6   | Reached skill level 10 in Shields
 15410 | Lair:6   | Found a dark tunnel.
 15420 | Volcano  | Entered a volcano
 15858 | Lair:6   | Identified a scroll of acquirement
 15859 | Lair:6   | Got a heavily runed hat
 15870 | Lair:6   | Identified the +2 hat "Cuenweb" {rPois rC+} (You acquired it on level 6 of the Lair of Beasts)
 16060 | Lair:6   | Found a viscous altar of Jiyva.
 16060 | Lair:6   | Found a staircase to the Slime Pits.
 16182 | Lair:6   | Received a gift from Okawaru
 16258 | Lair:6   | Reached skill level 12 in Fighting
 16391 | Lair:6   | Received a gift from Okawaru
 16815 | Orc:1    | Entered Level 1 of the Orcish Mines
 16815 | Orc:1    | Found Vaeb Cea's Antique Armour Boutique.
 16826 | Orc:1    | Reached skill level 15 in Unarmed Combat
 17117 | Orc:2    | Entered Level 2 of the Orcish Mines
 17119 | Orc:2    | Found a staircase to the Elven Halls.
 17171 | Orc:2    | Found Iklymeq's Antique Weapon Boutique.
 17192 | Orc:2    | Noticed an orc warlord
 17208 | Orc:2    | Killed an orc warlord
 17336 | Orc:2    | Noticed an orc warlord
 17337 | Orc:2    | Noticed a stone giant
 17357 | Orc:2    | Killed an orc warlord
 17380 | Orc:2    | Killed a stone giant
 17505 | Orc:2    | Found Jiykkile's General Store.
 17771 | Orc:2    | Reached skill level 13 in Fighting
 17771 | Orc:2    | Reached XP level 15. HP: 154/159 MP: 20/20
 17864 | Orc:2    | Found Ulica Rahoett's Antique Armour Boutique.
 17895 | Orc:2    | Found Iskoxel's Book Boutique.
 18420 | Orc:1    | Bought a heavily runed cloak for 285 gold pieces
 18441 | Orc:1    | Identified the cursed +0 cloak of the Garden {rCorr Dex+7} (You bought it in a shop on level 1 of the Orcish Mines)
 18653 | D:5      | Bought a +6 ring of protection for 858 gold pieces
 18997 | D:12     | Received a gift from Okawaru
 19591 | D:13     | Received a gift from Okawaru
 19763 | D:13     | Reached skill level 14 in Fighting
 19790 | D:13     | Reached ****** piety under Okawaru
 20058 | D:13     | Found a gate to the Vaults.
 20791 | D:14     | Reached skill level 15 in Fighting
 20948 | D:14     | Received a gift from Okawaru
 21099 | D:15     | Entered Level 15 of the Dungeon
 21130 | D:14     | Reached XP level 16. HP: 100/176 MP: 7/21
 21241 | D:15     | Reached skill level 16 in Unarmed Combat
 21271 | D:15     | Noticed Agnes
 21288 | D:15     | Killed Agnes
 21292 | D:15     | Noticed Nessos
 21299 | D:15     | Killed Nessos
 21398 | D:15     | Received a gift from Okawaru
 21455 | D:15     | Noticed Roxanne
 21491 | D:15     | Killed Roxanne
 21649 | D:15     | Found a staircase to the Depths.
 21946 | Snake:1  | Entered Level 1 of the Snake Pit
 21981 | Snake:1  | Reached skill level 17 in Unarmed Combat
 22509 | Snake:2  | Noticed Louise
 22535 | Snake:2  | Killed Louise
 22964 | Snake:2  | Found Batiut's Book Boutique.
 22964 | Snake:2  | Found Pifen's Antique Armour Shop.
 22968 | Snake:2  | Found Gosheon's Book Boutique.
 23271 | Snake:3  | Received a gift from Okawaru
 23279 | Snake:3  | Reached skill level 16 in Fighting
 23381 | Snake:3  | Got a scorched brass ring
 23672 | Snake:3  | Received a gift from Okawaru
 24047 | Snake:4  | Entered Level 4 of the Snake Pit
 24092 | Snake:4  | Reached XP level 17. HP: 163/189 MP: 22/22
 24154 | Snake:4  | Found a glowing silver altar of Zin.
 24254 | Snake:4  | Found a glowing silver altar of Zin.
 24331 | Snake:4  | Found Laar's Armour Emporium.
 24331 | Snake:4  | Found Kafiohog's Gadget Emporium.
 24333 | Snake:4  | Found Titomylif's Distillery.
 24333 | Snake:4  | Found Etiliuju's Weapon Emporium.
 24459 | Snake:4  | Reached skill level 17 in Fighting
 24839 | Snake:4  | Received a gift from Okawaru
 24842 | Snake:4  | Reached skill level 8 in Dodging
 25204 | Snake:4  | Reached skill level 9 in Dodging
 25240 | Snake:4  | Received a gift from Okawaru
 25302 | Snake:4  | Reached skill level 10 in Dodging
 25317 | Snake:4  | Reached skill level 1 in Armour
 25363 | Snake:4  | Reached skill level 2 in Armour
 25549 | Snake:4  | Reached skill level 3 in Armour
 25576 | Snake:4  | Got a serpentine rune of Zot
 25818 | Shoals:1 | Entered Level 1 of the Shoals
 25862 | Shoals:1 | Received a gift from Okawaru
 25871 | Shoals:1 | Got smoking pearl dragon scales {god gift}
 25905 | Shoals:1 | Identified the +3 pearl dragon scales "Somothry" {rN+ MR+ Str+4} (Okawaru gifted it to you on level 1 of the Shoals)
 25920 | Shoals:1 | Reached skill level 4 in Armour
 26357 | Shoals:1 | Reached skill level 5 in Armour
 26601 | Shoals:2 | Reached XP level 18. HP: 179/200 MP: 23/23
 26668 | Shoals:2 | Reached skill level 6 in Armour
 26689 | Shoals:2 | Found Curorux's Antique Armour Shoppe.
 26728 | Shoals:2 | Found Eluny's Distillery.
 26766 | Shoals:2 | Noticed Polyphemus
 26788 | Shoals:2 | Killed Polyphemus
 26814 | Shoals:2 | Identified the ring of the Centipede {Ice rElec Str+6 Int-4} (You found it on level 3 of the Snake Pit)
 26815 | Shoals:2 | :what the fuck is going on with my strength on this char
 26830 | Shoals:2 | Bought 2 potions of haste for 240 gold pieces
 26830 | Shoals:2 | Bought a potion of cancellation for 96 gold pieces
 26857 | Shoals:2 | Found Wyraog's Distillery.
 26874 | Shoals:2 | Reached skill level 7 in Armour
 26882 | Shoals:2 | Bought a potion of might for 60 gold pieces
 26882 | Shoals:2 | Bought a potion of resistance for 150 gold pieces
 26882 | Shoals:2 | Bought a potion of might for 60 gold pieces
 27316 | Shoals:2 | Reached skill level 8 in Armour
 27902 | Shoals:3 | Received a gift from Okawaru
 27914 | Shoals:3 | Got a fine shield {god gift}
 27934 | Shoals:3 | Reached skill level 9 in Armour
 27986 | Shoals:3 | Identified the +0 shield of Joplid {rN+ Int+3} (Okawaru gifted it to you on level 3 of the Shoals)
 28529 | Shoals:4 | Entered Level 4 of the Shoals
 28529 | Shoals:4 | Noticed Ilsuiw
 28530 | Shoals:4 | Lua error running hook 'post_place' on map 'shoals_end_hangedman': ...awl-dpegs_dynamic_monsters/data/dat/dlua/dungeon.lua:583: Failed to place map 'shoals_ilsuiw_ice'
 28530 | Shoals:4 | :report this later if this branch isnt tracked in -dev
 28649 | Shoals:3 | Killed Ilsuiw
 28649 | Shoals:3 | Reached skill level 10 in Armour
 29232 | Shoals:4 | Found Xistro De Add's Jewellery Shoppe.
 29321 | Shoals:4 | Received a gift from Okawaru
 29332 | Shoals:4 | Got a barnacled rune of Zot
 29632 | Shoals:4 | Identified Sif Muna's Tome of Doomed Translocation
 29656 | Shoals:4 | Learned a level 2 spell: Blink
 29799 | Shoals:4 | Reached skill level 18 in Unarmed Combat
 29801 | Shoals:4 | Reached XP level 19. HP: 158/209 MP: 24/24
 30129 | Vaults:1 | Entered Level 1 of the Vaults
 30256 | Vaults:1 | Received a gift from Okawaru
 30806 | Vaults:1 | Reached skill level 19 in Unarmed Combat
 31544 | Vaults:2 | Received a gift from Okawaru
 31841 | Vaults:2 | Reached skill level 20 in Unarmed Combat
 32069 | Vaults:2 | Noticed Margery
 32082 | Vaults:2 | Killed Margery
 32082 | Vaults:2 | Received a gift from Okawaru
 32280 | Vaults:2 | Reached XP level 20. HP: 218/218 MP: 23/25
 32308 | Vaults:2 | Noticed a golden dragon
 32314 | Vaults:2 | Killed a golden dragon
 32314 | Vaults:2 | Received a gift from Okawaru
 32318 | Vaults:2 | Reached skill level 21 in Unarmed Combat
 32537 | Vaults:2 | Got a steaming ruby amulet
 32705 | Vaults:2 | Noticed Boris
 32711 | Vaults:2 | Killed Boris
 33086 | Vaults:3 | Noticed Asterion
 33091 | Vaults:3 | Gained mutation: Your magical capacity is low. (-10% MP) [a cacodemon]
 33100 | Vaults:3 | Killed Asterion
 33133 | Vaults:3 | Reached skill level 18 in Fighting
 33215 | Vaults:3 | Noticed Mara
 33216 | Vaults:3 | Noticed Implojin's illusion
 33248 | Vaults:3 | Killed Mara
 33248 | Vaults:3 | Received a gift from Okawaru
 33582 | Vaults:3 | Received a gift from Okawaru
 33648 | Vaults:3 | Identified the amulet "Turach" {RegenMP Int+3} (You found it on level 2 of the Vaults)
 33738 | Vaults:3 | Found a staircase to the Crypt.
 34062 | Vaults:3 | Reached skill level 19 in Fighting
 34284 | Vaults:3 | Received a gift from Okawaru
 34355 | Vaults:3 | Reached XP level 21. HP: 234/234 MP: 23/23
 35247 | Vaults:4 | Received a gift from Okawaru
 35371 | Vaults:4 | Found Cuga's Assorted Antiques.
 35391 | Vaults:4 | Bought a potion of heal wounds for 150 gold pieces
 35391 | Vaults:4 | Bought a potion of lignification for 90 gold pieces
 35391 | Vaults:4 | Bought a potion of curing for 90 gold pieces
 35391 | Vaults:4 | Bought a scroll of remove curse for 90 gold pieces
 35391 | Vaults:4 | Bought a scroll of identify for 60 gold pieces
 35391 | Vaults:4 | Bought a scroll of teleportation for 90 gold pieces
 35459 | Vaults:4 | Reached skill level 20 in Fighting
 35597 | Vaults:4 | Noticed an ancient lich
 35624 | Vaults:4 | Killed an ancient lich
 35624 | Vaults:4 | Received a gift from Okawaru
 35863 | Vaults:5 | Entered Level 5 of the Vaults
 35998 | Vaults:5 | Noticed a golden dragon
 36011 | Vaults:5 | Killed a golden dragon
 36017 | Vaults:5 | Reached skill level 21 in Fighting
 36034 | Vaults:5 | Received a gift from Okawaru
 36085 | Vaults:5 | Learned a level 2 spell: Repel Missiles
 36095 | Vaults:5 | Got a silver rune of Zot
 36181 | Vaults:5 | Reached XP level 22. HP: 210/252 MP: 24/24
 36240 | Vaults:5 | Noticed a golden dragon
 36263 | Vaults:5 | Killed a golden dragon
 36263 | Vaults:5 | Received a gift from Okawaru
 36381 | Vaults:5 | Got a faintly glowing cloak {god gift}
 36394 | Vaults:5 | Identified the +0 cloak of Chimes {rF+ MP+9 Int-4 Dex+2} (Okawaru gifted it to you on level 5 of the Vaults)
 36537 | Vaults:5 | Noticed a golden dragon
 36543 | Vaults:5 | Reached skill level 22 in Fighting
 36547 | Vaults:5 | Killed a golden dragon
 36620 | Vaults:5 | Noticed an ancient lich
 36636 | Vaults:5 | Killed an ancient lich
 36926 | Vaults:5 | Received a gift from Okawaru
 37097 | Vaults:5 | Noticed an ancient lich
 37108 | Vaults:5 | Killed an ancient lich
 37108 | Vaults:5 | Received a gift from Okawaru
 37108 | Vaults:5 | Reached skill level 22 in Unarmed Combat
 37136 | Vaults:5 | Received a gift from Okawaru
 37303 | Vaults:5 | Identified Sif Muna's Catalogue of Creation and Poison
 37858 | Slime:1  | Entered Level 1 of the Pits of Slime
 38109 | Slime:1  | :oops
 38155 | Slime:2  | Reached XP level 23. HP: 253/263 MP: 25/25
 38284 | Slime:4  | Reached skill level 11 in Dodging
 38325 | Slime:5  | Entered Level 5 of the Pits of Slime
 38362 | Slime:5  | Gained mutation: Your body sometimes deteriorates upon taking damage. [a shining eye]
 38362 | Slime:5  | Gained mutation: Your body often deteriorates upon taking damage. [a shining eye]
 38630 | Slime:5  | Gained mutation: Your spells are a little easier to cast, but a little less powerful. [a shining eye]
 38632 | Slime:5  | Lost mutation: Your magical capacity is low. (-10% MP) [potion of cure mutation]
 38632 | Slime:5  | Lost mutation: Your spells are a little easier to cast, but a little less powerful. [potion of cure mutation]
 38632 | Slime:5  | Lost mutation: Your body often deteriorates upon taking damage. [potion of cure mutation]
 38632 | Slime:5  | Lost mutation: Your body sometimes deteriorates upon taking damage. [potion of cure mutation]
 38816 | Slime:5  | Reached skill level 12 in Dodging
 38874 | Slime:5  | Received a gift from Okawaru
 39017 | Slime:5  | Noticed the Royal Jelly
 39024 | Slime:5  | Found a viscous altar of Jiyva.
 39093 | Slime:5  | Killed the Royal Jelly
 39093 | Slime:5  | Reached skill level 13 in Dodging
 39195 | Slime:5  | Got a slimy rune of Zot
 39848 | Crypt:1  | Entered Level 1 of the Crypt
 39924 | Crypt:1  | Got jewelled pearl dragon scales
 39925 | Crypt:1  | Identified the +10 pearl dragon scales of Goodbye, My Love {rF+++ rN+ Regen+ Int+3 Slay-3} (You acquired it on level 1 of the Crypt)
 39977 | Crypt:1  | Noticed Aizul
 39986 | Crypt:1  | Killed Aizul
 40009 | Crypt:1  | Received a gift from Okawaru
 40036 | Crypt:1  | Got an ichor-stained hat {god gift}
 40116 | Crypt:1  | Identified the +2 hat of Mesa {rC+ rCorr MP+9 Stlth+} (Okawaru gifted it to you on level 1 of the Crypt)
 40267 | Crypt:1  | Noticed Xtahua
 40280 | Crypt:1  | Killed Xtahua
 40280 | Crypt:1  | Reached skill level 14 in Dodging
 41291 | Crypt:2  | Noticed Saint Roka
 41311 | Crypt:2  | Killed Saint Roka
 41604 | Crypt:3  | Entered Level 3 of the Crypt
 41676 | Crypt:3  | Reached skill level 15 in Dodging
 41678 | Crypt:3  | Reached XP level 24. HP: 253/273 MP: 28/28
 41728 | Crypt:3  | Received a gift from Okawaru
 42005 | Crypt:3  | Noticed an ancient lich
 42018 | Crypt:3  | Killed an ancient lich
 42023 | Crypt:3  | Found an ancient bone altar of Kikubaaqudgha.
 42076 | Crypt:3  | Identified the Reference Book on Evil
 42112 | Crypt:3  | Learned a level 8 spell: Borgnjor's Revivification
 42142 | Crypt:3  | Reached skill level 16 in Dodging
 42302 | Crypt:3  | Found a staircase to the Tomb.
 42414 | Crypt:3  | Got a sparkling pewter ring
 42419 | Crypt:3  | Identified the ring of Happiness {rN+ Str+4} (You found it on level 3 of the Crypt)
 42425 | Crypt:3  | Got a faintly glowing marble ring
 42428 | Crypt:3  | Identified the ring "Geobauv" {rF+ rN+ MR+ Str+4} (You found it on level 3 of the Crypt)
 42740 | Tomb:1   | Entered Level 1 of the Tomb of the Ancients
 42803 | Tomb:1   | Got a scorched hat
 42814 | Tomb:1   | Identified the +0 hat of Insurance {rPois Str+2 Int-3 Stlth+} (You acquired it on level 1 of the Tomb of the Ancients)
 42932 | Tomb:1   | Received a gift from Okawaru
 42977 | Tomb:1   | Reached skill level 17 in Dodging
 43153 | Tomb:1   | Identified the Almanac of Confrontation
 43190 | Tomb:1   | Got a spiked large shield
 43201 | Tomb:1   | Identified the +4 large shield of Generosity {rElec rPois rF+} (You acquired it on level 1 of the Tomb of the Ancients)
 43323 | Tomb:1   | Noticed a greater mummy
 43341 | Tomb:1   | Killed a greater mummy
 43348 | Tomb:1   | Noticed a greater mummy
 43355 | Tomb:1   | Noticed a greater mummy
 43355 | Tomb:1   | Noticed an ancient lich
 43654 | Crypt:3  | Killed a greater mummy
 43784 | Tomb:1   | Reached skill level 11 in Armour
 43807 | Tomb:1   | Killed an ancient lich
 43808 | Tomb:1   | Killed a greater mummy
 44259 | Tomb:2   | Noticed a greater mummy
 44261 | Tomb:2   | Noticed a greater mummy
 44271 | Tomb:1   | Received a gift from Okawaru
 44275 | Tomb:2   | Noticed an ancient lich
 44512 | Tomb:2   | Noticed a greater mummy
 44515 | Tomb:1   | Killed an ancient lich
 44515 | Tomb:1   | Reached skill level 12 in Armour
 44530 | Tomb:1   | Killed a greater mummy
 44530 | Tomb:1   | Reached XP level 25. HP: 237/274 MP: 28/28
 44681 | Tomb:1   | Killed a greater mummy
 44839 | Tomb:2   | Killed a bezotted greater mummy
 44839 | Tomb:2   | Reached skill level 13 in Armour
 45730 | Tomb:1   | Noticed a greater mummy
 45730 | Tomb:1   | Noticed a greater mummy
 45730 | Tomb:1   | Noticed a greater mummy
 45730 | Tomb:1   | Noticed a greater mummy
 45739 | Tomb:2   | Killed a greater mummy
 45743 | Tomb:2   | Killed a greater mummy
 45749 | Tomb:2   | Killed a greater mummy
 45749 | Tomb:2   | Received a gift from Okawaru
 45847 | Tomb:2   | Reached skill level 14 in Armour
 45862 | Tomb:1   | Noticed a greater mummy
 45862 | Tomb:1   | Noticed a greater mummy
 45881 | Tomb:2   | Killed a greater mummy
 46031 | Tomb:2   | Killed a greater mummy
 46142 | Tomb:1   | Killed a greater mummy
 46143 | Tomb:1   | Noticed a greater mummy
 46329 | Tomb:1   | Killed a greater mummy
 46329 | Tomb:1   | Received a gift from Okawaru
 46415 | Tomb:1   | Noticed a greater mummy
 46421 | Tomb:1   | Killed a greater mummy
 46467 | Tomb:1   | Noticed a greater mummy
 46500 | Tomb:1   | Killed a greater mummy
 46500 | Tomb:1   | Reached skill level 15 in Armour
 46537 | Tomb:1   | Noticed a greater mummy
 46568 | Tomb:1   | Killed a greater mummy
 46569 | Tomb:1   | Noticed a greater mummy
 46580 | Tomb:1   | Killed a greater mummy
 46717 | Tomb:1   | Noticed a greater mummy
 46734 | Tomb:1   | Killed a greater mummy
 46740 | Tomb:1   | Noticed a greater mummy
 46765 | Tomb:1   | Killed a greater mummy
 46786 | Tomb:1   | Noticed a greater mummy
 46921 | Tomb:1   | Killed a greater mummy
 47176 | Tomb:1   | Noticed a greater mummy
 47176 | Tomb:1   | Noticed a greater mummy
 47176 | Tomb:1   | Noticed a greater mummy
 47191 | Tomb:1   | Killed a greater mummy
 47191 | Tomb:1   | Received a gift from Okawaru
 47191 | Tomb:1   | Reached skill level 16 in Armour
 47199 | Tomb:1   | Killed a greater mummy
 47212 | Tomb:1   | Killed a greater mummy
 48054 | Tomb:3   | Entered Level 3 of the Tomb of the Ancients
 48263 | Tomb:3   | Noticed a greater mummy
 48317 | Tomb:2   | Reached XP level 26. HP: 233/286 MP: 28/28
 48526 | Tomb:3   | Noticed a greater mummy
 48527 | Tomb:3   | Noticed an ancient lich
 48549 | Tomb:2   | Killed a greater mummy
 48567 | Tomb:2   | Reached skill level 17 in Armour
 48581 | Tomb:3   | Noticed a greater mummy
 48787 | Tomb:2   | Killed a greater mummy
 49079 | Tomb:2   | Killed an ancient lich
 49277 | Tomb:2   | Killed a greater mummy
 49318 | Tomb:3   | Identified the Tome of the Oath and Fire
 49392 | Tomb:3   | Identified the Collected Works on Transmutation and Ignition
 49447 | Tomb:3   | Noticed Khufu
 49448 | Tomb:3   | Received a gift from Okawaru
 49465 | Tomb:3   | Noticed a greater mummy
 49467 | Tomb:3   | Killed Khufu
 49467 | Tomb:3   | Reached skill level 18 in Armour
 49475 | Tomb:3   | Noticed a greater mummy
 49479 | Tomb:3   | Killed a greater mummy
 49888 | Tomb:3   | Got a scintillating copper ring
 49889 | Tomb:3   | Identified the ring of Toxuown {rElec rPois rF+ MR+ Str+2} (You found it on level 3 of the Tomb of the Ancients)
 49961 | Tomb:3   | Killed a greater mummy
 49996 | Tomb:3   | Noticed a greater mummy
 50006 | Tomb:3   | Killed a greater mummy
 50116 | Tomb:3   | Noticed a greater mummy
 50201 | Tomb:3   | Killed a greater mummy
 50284 | Tomb:3   | Got a golden rune of Zot
 50701 | Vaults:3 | Cast into level 4 of the Abyss (a distortion unwield)
 50701 | Abyss:4  | Found a corrupted altar of Lugonu.
 50756 | Abyss:4  | Gained mutation: You occasionally shout uncontrollably at your foes. [a neqoxec]
 50812 | Abyss:4  | Reached skill level 19 in Armour
 50830 | Abyss:4  | Received a gift from Okawaru
 51313 | Abyss:4  | Found a deep blue altar of Sif Muna.
 51422 | Abyss:4  | Gained mutation: You expend magic power (3 MP) to strengthen your wands. [a neqoxec]
 51451 | Abyss:4  | Reached skill level 20 in Armour
 51451 | Abyss:4  | Reached XP level 27. HP: 295/299 MP: 28/28
 51474 | Abyss:4  | Found a deep blue altar of Sif Muna.
 51735 | Abyss:4  | Lost intelligence.
 51805 | Abyss:4  | Received a gift from Okawaru
 51816 | Abyss:4  | Gained mutation: You are frail. (-10% HP) [a neqoxec]
 51894 | Abyss:4  | Received a gift from Okawaru
 52277 | Abyss:4  | Reached skill level 21 in Armour
 52794 | Abyss:4  | Got an abyssal rune of Zot
 52821 | Abyss:4  | Gained mutation: Armour fits poorly on your strangely shaped body. [a shining eye]
 52824 | Abyss:4  | Gained mutation: You are clumsy. (Dex -2) [a shining eye]
 52826 | Abyss:4  | Gained mutation: You are weak. (Str -2) [a shining eye]
 52836 | Abyss:4  | Received a gift from Okawaru
 53117 | Abyss:4  | Reached skill level 22 in Armour
 53163 | Abyss:4  | Gained mutation: Potions are less effective at restoring your health. [a cacodemon]
 53198 | Vaults:3 | Escaped the Abyss
 53538 | Shoals:2 | Bought a potion of cure mutation for 300 gold pieces
 53538 | Shoals:2 | Bought a potion of curing for 36 gold pieces
 53538 | Shoals:2 | Bought a potion of curing for 36 gold pieces
 53538 | Shoals:2 | Bought a potion of curing for 36 gold pieces
 53541 | Shoals:2 | Lost mutation: You are weak. (Str -2) [potion of cure mutation]
 53541 | Shoals:2 | Lost mutation: You are frail. (-10% HP) [potion of cure mutation]
 53541 | Shoals:2 | Lost mutation: Armour fits poorly on your strangely shaped body. [potion of cure mutation]
 53541 | Shoals:2 | Lost mutation: You are clumsy. (Dex -2) [potion of cure mutation]
 53781 | Depths:1 | Entered Level 1 of the Depths
 54019 | Depths:1 | Noticed the Enchantress
 54045 | Depths:1 | Killed the Enchantress
 54086 | Depths:1 | Got faerie dragon scales
 54088 | Depths:1 | Identified the +0 faerie dragon scales {rF- rC+ rCorr Str+5 Dex+4} (You took it off the Enchantress on level 1 of the Depths)
 54173 | Depths:1 | Found a gateway to a ziggurat.
 54189 | Depths:1 | Reached skill level 18 in Dodging
 54436 | Depths:1 | Found a gateway to Hell.
 54974 | Depths:2 | Found Tyudud's Weapon Shoppe.
 55048 | Depths:2 | Received a gift from Okawaru
 55253 | Depths:2 | Found Nunyliurgh's Jewellery Shoppe.
 55430 | Depths:2 | Found Binu's Assorted Antiques.
 55475 | Depths:2 | Bought a flickering granite ring for 130 gold pieces
 55475 | Depths:2 | Bought a potion of curing for 78 gold pieces
 55475 | Depths:2 | Bought 2 potions of haste for 520 gold pieces
 55475 | Depths:2 | Bought a potion of agility for 104 gold pieces
 55483 | Depths:2 | Identified the ring "Hun Awis" {+Inv rElec rF+ Str+3 Int+4} (You bought it in a shop on level 2 of the Depths)
 55518 | Depths:2 | Found a one-way gate to the infinite horrors of the Abyss.
 55695 | Depths:2 | Reached skill level 19 in Dodging
 55977 | Depths:3 | Received a gift from Okawaru
 56069 | Depths:3 | Got an encrusted troll leather armour {god gift}
 56072 | Depths:3 | Identified the +4 troll leather armour "Diucem" {+Inv Regen+} (Okawaru gifted it to you on level 3 of the Depths)
 56235 | Depths:3 | Reached skill level 20 in Dodging
 56316 | Depths:3 | Lost mutation: Potions are less effective at restoring your health. [potion of cure mutation]
 56316 | Depths:3 | Lost mutation: You occasionally shout uncontrollably at your foes. [potion of cure mutation]
 56316 | Depths:3 | Lost mutation: You expend magic power (3 MP) to strengthen your wands. [potion of cure mutation]
 56479 | Depths:3 | Got a glittering steel amulet
 56482 | Depths:3 | Identified the amulet "Unkoymma" {rF++ rN+ Regen+ Dex+4} (You took it off a fire giant on level 3 of the Depths)
 56745 | Depths:3 | Found a one-way gate leading to the halls of Pandemonium.
 57100 | Depths:4 | Received a gift from Okawaru
 57506 | Depths:4 | Reached skill level 21 in Dodging
 57905 | Depths:4 | Received a gift from Okawaru
 58312 | Depths:5 | Entered Level 5 of the Depths
 58752 | Depths:5 | Reached skill level 22 in Dodging
 58786 | Depths:5 | Received a gift from Okawaru
 58856 | Depths:5 | Found a gate to the Realm of Zot.
 58888 | Depths:5 | Noticed Frederick
 58895 | Depths:5 | Killed Frederick
 59093 | Depths:5 | Gained mutation: Your spells are a little easier to cast, but a little less powerful. [a neqoxec]
 59341 | Hell     | Entered the Vestibule of Hell
 59346 | Hell     | Noticed Geryon
 59367 | Hell     | Killed Geryon
 59367 | Hell     | Reached skill level 11 in Shields
 59672 | Hell     | Found a gateway to the Iron City of Dis.
 59677 | Hell     | Reached skill level 12 in Shields
 59721 | Hell     | Found a gateway to the ashen valley of Gehenna.
 59855 | Hell     | Received a gift from Okawaru
 60064 | Hell     | Found a gateway to the decaying netherworld of Tartarus.
 60204 | Hell     | Found a gateway to the freezing wastes of Cocytus.
 60329 | Dis:1    | Entered Level 1 of the Iron City of Dis
 60558 | Dis:1    | Reached skill level 13 in Shields
 61420 | Dis:5    | Reached skill level 14 in Shields
 61510 | Dis:7    | Entered Level 7 of the Iron City of Dis
 61594 | Dis:7    | Received a gift from Okawaru
 61649 | Dis:7    | Noticed the Serpent of Hell
 61666 | Dis:7    | Killed the Serpent of Hell
 61666 | Dis:7    | Reached skill level 15 in Shields
 61751 | Dis:7    | Received a gift from Okawaru
 61829 | Dis:7    | Reached skill level 16 in Shields
 62054 | Dis:7    | Noticed Dispater
 62074 | Dis:7    | Killed Dispater
 62078 | Dis:7    | Reached skill level 17 in Shields
 62130 | Dis:7    | Got an iron rune of Zot
 62204 | Dis:7    | Received a gift from Okawaru
 62267 | Dis:7    | Gained mutation: Armour fits poorly on your strangely shaped body. [mutagenic glow]
 62565 | Hell     | Lost mutation: Your spells are a little easier to cast, but a little less powerful. [potion of cure mutation]
 62565 | Hell     | Lost mutation: Armour fits poorly on your strangely shaped body. [potion of cure mutation]
 62625 | Geh:1    | Entered Level 1 of Gehenna
 62937 | Geh:5    | Found a huge runed gate.
 62937 | Geh:5    | Found a huge runed gate.
 62937 | Geh:5    | Found a huge runed gate.
 62937 | Geh:5    | Found a huge runed gate.
 62937 | Geh:5    | Found a huge runed gate.
 62937 | Geh:5    | Found a huge runed gate.
 62937 | Geh:5    | Found a huge runed gate.
 62937 | Geh:5    | Found a huge runed gate.
 62940 | Geh:5    | Found a huge runed gate.
 62941 | Geh:5    | Found a huge runed gate.
 63000 | Geh:5    | Found a huge runed gate.
 63000 | Geh:5    | Found a huge runed gate.
 63000 | Geh:5    | Found a huge runed gate.
 63000 | Geh:5    | Found a huge runed gate.
 63000 | Geh:5    | Found a huge runed gate.
 63000 | Geh:5    | Found a huge runed gate.
 63000 | Geh:5    | Found a huge runed gate.
 63011 | Geh:5    | Found a huge runed gate.
 63011 | Geh:5    | Found a huge runed gate.
 63011 | Geh:5    | Found a huge runed gate.
 63011 | Geh:5    | Found a huge runed gate.
 63011 | Geh:5    | Found a huge runed gate.
 63065 | Geh:7    | Entered Level 7 of Gehenna
 63096 | Geh:7    | Reached skill level 18 in Shields
 63649 | Geh:7    | Received a gift from Okawaru
 63649 | Geh:7    | Reached skill level 19 in Shields
 63688 | Geh:7    | Noticed Asmodeus
 63707 | Geh:7    | Killed Asmodeus
 63782 | Geh:7    | Got an obsidian rune of Zot
 63983 | Tar:1    | Entered Level 1 of Tartarus
 64443 | Tar:2    | Reached skill level 20 in Shields
 64596 | Tar:3    | You fall through a shaft for 3 floors!
 64597 | Tar:6    | :wheeeeeeeee
 64619 | Tar:6    | :are shafts supposed to spawn in hell?
 64619 | Tar:6    | :check this later
 64655 | Tar:6    | Received a gift from Okawaru
 64967 | Tar:7    | Entered Level 7 of Tartarus
 65067 | Tar:7    | Reached skill level 21 in Shields
 65277 | Tar:7    | Gained mutation: Your magical capacity is low. (-10% MP) [mutagenic glow]
 65361 | Tar:7    | Gained mutation: You are weak. (Str -2) [mutagenic glow]
 65387 | Tar:7    | Gained mutation: You are occasionally teleported next to monsters. [mutagenic glow]
 65392 | Tar:7    | Lost mutation: Your magical capacity is low. (-10% MP) [potion of cure mutation]
 65392 | Tar:7    | Lost mutation: You are weak. (Str -2) [potion of cure mutation]
 65422 | Tar:7    | Gained mutation: You are weak. (Str -2) [mutagenic glow]
 65458 | Tar:7    | Lost mutation: You are weak. (Str -2) [potion of cure mutation]
 65458 | Tar:7    | Lost mutation: You are occasionally teleported next to monsters. [potion of cure mutation]
 65699 | Tar:7    | Noticed Ereshkigal
 65716 | Tar:7    | Killed Ereshkigal
 65721 | Tar:7    | Received a gift from Okawaru
 65727 | Tar:7    | Reached skill level 22 in Shields
 65756 | Tar:7    | Reached skill level 1 in Charms
 65808 | Tar:7    | Got a bone rune of Zot
 65870 | Tar:7    | Reached skill level 2 in Charms
 65934 | Tar:7    | Reached skill level 3 in Charms
 66065 | Coc:1    | Entered Level 1 of Cocytus
 66175 | Coc:2    | Reached skill level 4 in Charms
 66279 | Coc:2    | Reached skill level 1 in Air Magic
 66353 | Coc:2    | Reached skill level 2 in Air Magic
 66461 | Coc:3    | Reached skill level 3 in Air Magic
 66565 | Coc:3    | Reached skill level 4 in Air Magic
 66586 | Coc:3    | Received a gift from Okawaru
 66620 | Coc:3    | Reached skill level 5 in Air Magic
 66717 | Coc:3    | Reached skill level 6 in Air Magic
 66851 | Coc:4    | Reached skill level 7 in Air Magic
 66881 | Coc:4    | :need to study the new coc and new dis floor generators
 66881 | Coc:4    | :no idea where the exits spawn
 66989 | Coc:7    | Entered Level 7 of Cocytus
 67015 | Hell     | Gained mutation: You expend magic power (3 MP) to strengthen your wands. [mutagenic glow]
 67069 | Depths:2 | Gained mutation: You are dopey. (Int -2) [mutagenic glow]
 67478 | Depths:1 | Received a gift from Okawaru
 67582 | Coc:2    | Reached skill level 1 in Evocations
 67615 | Coc:2    | Reached skill level 2 in Evocations
 67792 | Coc:3    | Reached skill level 3 in Evocations
 67848 | Coc:4    | Reached skill level 4 in Evocations
 68120 | Coc:7    | Reached skill level 5 in Evocations
 68368 | Coc:7    | Reached skill level 6 in Evocations
 68484 | Coc:7    | Noticed Antaeus
 68521 | Coc:7    | Killed Antaeus
 68521 | Coc:7    | Reached skill level 7 in Evocations
 68538 | Coc:7    | Reached skill level 8 in Evocations
 68594 | Coc:7    | Received a gift from Okawaru
 68594 | Coc:7    | Reached skill level 9 in Evocations
 68665 | Coc:7    | Got an icy rune of Zot
 69072 | Orc:2    | Bought a bread ration for 70 gold pieces
 69072 | Orc:2    | Bought a bread ration for 70 gold pieces
 69378 | Zot:1    | Entered Level 1 of the Realm of Zot
 69471 | Zot:1    | Reached skill level 10 in Evocations
 69585 | Zot:1    | Reached skill level 9 in Invocations
 69626 | Zot:1    | Reached skill level 10 in Invocations
 69645 | Zot:1    | Received a gift from Okawaru
 69717 | Zot:1    | Reached skill level 11 in Invocations
 69847 | Pan      | Entered Pandemonium
 70150 | Pan      | Learned a level 1 spell: Summon Butterflies
 70161 | Pan      | Reached skill level 12 in Invocations
 70276 | Pan      | Noticed Lako the pandemonium lord
 70290 | Pan      | Killed Lako the pandemonium lord
 70290 | Pan      | Received a gift from Okawaru
 70290 | Pan      | Reached skill level 13 in Invocations
 70322 | Pan      | Found an exit through the horrors of the Abyss.
 70536 | Pan      | Noticed Ycug the pandemonium lord
 70549 | Pan      | Killed Ycug the pandemonium lord
 70575 | Pan      | Entered the realm of Cerebov.
 70654 | Pan      | Reached skill level 14 in Invocations
 70808 | Pan      | Received a gift from Okawaru
 71262 | Pan      | Found an exit through the horrors of the Abyss.
 71322 | Pan      | Reached skill level 15 in Invocations
 71397 | Pan      | Got a clouded granite ring
 71506 | Pan      | Received a gift from Okawaru
 71524 | Pan      | Received a gift from Okawaru
 71549 | Pan      | Got a vibrating copper amulet
 71770 | Pan      | Reached skill level 16 in Invocations
 72219 | Pan      | Identified the Disquisition on Black Arts
 72230 | Pan      | Noticed Cerebov
 72264 | Pan      | Killed Cerebov
 72264 | Pan      | Received a gift from Okawaru
 72280 | Pan      | Identified the ring of the Albatross {Ice rElec rN+ Str-4 SInv} (You took it off a balrug in Pandemonium)
 72298 | Pan      | Identified the Handbook of Augmentations
 72314 | Pan      | Got a fiery rune of Zot
 72368 | Pan      | Reached skill level 17 in Invocations
 72500 | Pan      | Found an exit through the horrors of the Abyss.
 72539 | Pan      | Identified the amulet "Wyaly" {Reflect rF+ Int+4 SH+3} (You took it off a balrug in Pandemonium)
 72601 | Pan      | Paralysed by accursed screaming for 1 turns
 72632 | Pan      | Entered the realm of Mnoleg.
 72760 | Pan      | Found an exit through the horrors of the Abyss.
 72822 | Pan      | Paralysed by a floating eye for 4 turns
 72854 | Pan      | Gained mutation: You occasionally shout uncontrollably at your foes. [a neqoxec]
 72862 | Pan      | Noticed Mnoleg
 72862 | Pan      | Got a glowing rune of Zot
 72890 | Pan      | Killed Mnoleg
 72890 | Pan      | Gained mutation: Your body sometimes deteriorates upon taking damage. [a neqoxec]
 72896 | Pan      | Gained mutation: You are weak. (Str -2) [a neqoxec]
 72948 | Pan      | Noticed Hujupseh the pandemonium lord
 72992 | Pan      | Reached skill level 18 in Invocations
 73013 | Pan      | Gained mutation: Scrolls take you a little longer to read. [a cacodemon]
 73123 | Pan      | Received a gift from Okawaru
 73140 | Pan      | Noticed Jihubiz the pandemonium lord
 73154 | Pan      | Killed Jihubiz the pandemonium lord
 73158 | Pan      | Got a transparent hat {god gift}
 73521 | Pan      | Noticed Mennas
 73547 | Pan      | Killed Mennas
 73547 | Pan      | Reached skill level 23 in Fighting
 73588 | Pan      | Identified the -2 hat "Japs" {rElec Dex+4} (Okawaru gifted it to you in Pandemonium)
 73627 | Pan      | Found an exit through the horrors of the Abyss.
 74017 | Pan      | Found an exit through the horrors of the Abyss.
 74035 | Pan      | Noticed Wotie the pandemonium lord
 74037 | Pan      | Gained mutation: Your magical capacity is low. (-10% MP) [a neqoxec]
 74045 | Pan      | Gained mutation: Your spells are a little easier to cast, but a little less powerful. [a neqoxec]
 74057 | Pan      | Killed Wotie the pandemonium lord
 74114 | Pan      | Got a demonic rune of Zot
 74117 | Pan      | Found an exit through the horrors of the Abyss.
 74300 | Pan      | Noticed Nuhikedd the pandemonium lord
 74302 | Pan      | Reached skill level 24 in Fighting
 74315 | Pan      | Killed Nuhikedd the pandemonium lord
 74553 | Pan      | Received a gift from Okawaru
 74902 | Pan      | Noticed a seraph
 74926 | Pan      | Killed a seraph
 74959 | Pan      | Found a glowing golden altar of the Shining One.
 75015 | Pan      | Got a scorched jade ring
 75019 | Pan      | Identified the cursed ring of Kosecet {Str+2 Dex-3} (You found it in Pandemonium)
 75155 | Pan      | Found a glowing silver altar of Zin.
 75376 | Pan      | Reached skill level 25 in Fighting
 75571 | Pan      | Found a white marble altar of Elyvilon.
 75695 | Pan      | Received a gift from Okawaru
 76070 | Pan      | Lost mutation: You are dopey. (Int -2) [potion of cure mutation]
 76070 | Pan      | Lost mutation: Your spells are a little easier to cast, but a little less powerful. [potion of cure mutation]
 76070 | Pan      | Lost mutation: Scrolls take you a little longer to read. [potion of cure mutation]
 76539 | Pan      | Received a gift from Okawaru
 77023 | Pan      | Got a pitted large shield
 77036 | Pan      | Identified the +3 large shield of Hysteria {Dex+5} (You took it off a daeva in Pandemonium)
 77153 | Pan      | Noticed Asir the pandemonium lord
 77197 | Pan      | Killed Asir the pandemonium lord
 77197 | Pan      | Reached skill level 26 in Fighting
 77298 | Pan      | Found an exit through the horrors of the Abyss.
 77362 | Pan      | Received a gift from Okawaru
 77825 | Pan      | Gained mutation: Armour fits poorly on your strangely shaped body. [a neqoxec]
 78586 | Pan      | Received a gift from Okawaru
 78651 | Pan      | Found an exit through the horrors of the Abyss.
 78672 | Pan      | Entered the realm of Gloorx Vloq.
 78902 | Pan      | Found an exit through the horrors of the Abyss.
 79376 | Pan      | Reached skill level 27 in Fighting
 79604 | Pan      | Noticed Gloorx Vloq
 79625 | Pan      | Killed Gloorx Vloq
 79625 | Pan      | Received a gift from Okawaru
 79625 | Pan      | Received a gift from Okawaru
 79625 | Pan      | Reached skill level 23 in Unarmed Combat
 79643 | Pan      | Got a dark rune of Zot
 79757 | Pan      | Noticed Baluff the pandemonium lord
 79769 | Pan      | Killed Baluff the pandemonium lord
 79858 | Pan      | Noticed Cuusmew the pandemonium lord
 79873 | Pan      | Killed Cuusmew the pandemonium lord
 79873 | Pan      | Reached skill level 24 in Unarmed Combat
 80271 | Pan      | :havent seen hellion island in a long time
 80517 | Pan      | Found an exit through the horrors of the Abyss.
 80585 | Pan      | Noticed Iwis the pandemonium lord
 80597 | Pan      | Killed Iwis the pandemonium lord
 80720 | Pan      | Reached skill level 25 in Unarmed Combat
 80722 | Pan      | Noticed Mobirrao the pandemonium lord
 80729 | Pan      | Killed Mobirrao the pandemonium lord
 80891 | Pan      | Noticed Qutot the pandemonium lord
 81112 | Pan      | Entered the realm of Lom Lobon.
 81112 | Pan      | Noticed Lom Lobon
 81320 | Pan      | Received a gift from Okawaru
 81346 | Pan      | Found an exit through the horrors of the Abyss.
 81694 | Pan      | Reached skill level 26 in Unarmed Combat
 81956 | Pan      | Killed Lom Lobon
 81987 | Pan      | Got a magical rune of Zot
 82090 | Pan      | Received a gift from Okawaru
 82151 | Pan      | Took an exit into the Abyss.
 82151 | Abyss:1  | Escaped into the Abyss
 82157 | Abyss:1  | Noticed a juggernaut
 82166 | Abyss:1  | Paralysed by accursed screaming for 1 turns
 82175 | Abyss:1  | :mein gott
 82177 | Abyss:1  | Killed a juggernaut
 82188 | Abyss:1  | Paralysed by accursed screaming for 2 turns
 82233 | Abyss:1  | Paralysed by accursed screaming for 1 turns
 82239 | Abyss:1  | Found a shimmering altar of Xom.
 82253 | Abyss:1  | Found a corrupted altar of Lugonu.
 82268 | Depths:5 | Escaped the Abyss
 82760 | Zot:3    | Reached skill level 27 in Unarmed Combat
 82790 | Zot:3    | Received a gift from Okawaru
 83233 | Zot:4    | Reached skill level 19 in Invocations
 83276 | Zot:4    | Noticed an orb of fire
 83293 | Zot:4    | Killed an orb of fire
 83360 | Zot:5    | Entered Level 5 of the Realm of Zot
 83597 | Zot:5    | Reached skill level 20 in Invocations
 83607 | Zot:5    | Received a gift from Okawaru
 83677 | Zot:5    | Noticed an orb of fire
 83678 | Zot:5    | Noticed an orb of fire
 83690 | Zot:5    | Gained mutation: You are agile. (Dex +2) [an orb of fire]
 83695 | Zot:5    | Killed an orb of fire
 83702 | Zot:5    | Cast into level 5 of the Abyss (the power of Zot)
 83702 | Abyss:5  | Entered Level 5 of the Abyss
 83704 | Abyss:5  | asdfghjkl;
 83749 | Zot:5    | Escaped the Abyss
 83749 | Zot:5    | Lost mutation: You are agile. (Dex +2) [an orb of fire]
 83749 | Zot:5    | Gained mutation: You are clumsy. (Dex -2) [an orb of fire]
 83752 | Zot:5    | Gained mutation: You are occasionally teleported next to monsters. [an orb of fire]
 83754 | Zot:5    | Killed an orb of fire
 83755 | Zot:5    | Noticed an orb of fire
 83771 | Zot:5    | Killed an orb of fire
 83789 | Zot:5    | Reached skill level 21 in Invocations
 83842 | Zot:5    | Noticed an orb of fire
 83844 | Zot:5    | Noticed an orb of fire
 83859 | Zot:5    | Killed an orb of fire
 83859 | Zot:5    | Received a gift from Okawaru
 83863 | Zot:5    | Killed an orb of fire
 83968 | Zot:5    | Reached skill level 22 in Invocations
 83972 | Zot:5    | Received a gift from Okawaru
 84137 | Zot:5    | Killed a bezotted Killer Klown
 84204 | Zot:5    | Got the Orb of Zot
 84216 | Zot:5    | Noticed Qoblouxt the pandemonium lord
 84234 | Zot:5    | Killed Qoblouxt the pandemonium lord
 84280 | Zot:5    | Reached skill level 23 in Invocations
 84756 | D:10     | Received a gift from Okawaru
 85012 | D:$      | Escaped with the Orb!

Vault maps used:
D:1:      eino_arrival_cavern_d
D:2:      first_bread, kennysheep_decorative_pillar, minmay_misc_feat_roman,
          minmay_tiny_reverse_x, uniq_iyjb, uniq_natasha, uniq_sigmund
D:3:      columned_hall_lemuel, grunt_ministairs_11, ashenzari_altar_1
D:4:      portal_sewer_entry_e
D:5:      grunt_temple_overflow_holy_war, minitemple, serial_shops, shop,
          hangedman_decor_clover_reticule, nicolae_sextant
D:6:      nemelex_lonely_heart_becter
D:7:      basic_altar, nrook_mini_backslash, uniq_joseph
D:9:      gammafunk_temple_overflow_claw, uniq_erolcha
D:10:     minmay_quarter_circles, david_orc_4
D:11:     evilmike_library_of_no_secrets, david_lair_shrubbed,
          portal_ice_cave_rime
D:13:     erik_vaults_2, grunt_livestock, roderic_roman_lattice
D:14:     onia_ninara_dug_in_and_dangerous
D:15:     grunt_enter_depths_hoard, corexii_leaking_fountain, uniq_agnes,
          uniq_roxanne, uniq_nessos
Lair:2:   guppyfry_snake_entry_garden, lemuel_fruit_fields, lemuel_fruit_tree
Lair:3:   elwin_shoals_entry_stream, beast_lair_carwin_4
Lair:5:   minmay_lair_oklob_chamber, grunt_megastairs_3
Lair:6:   evilmike_catoblepas_cave, dpeg_slime_entry_enclosed_altar,
          enter_volcano_2, serial_bayou_pond_d, serial_bayou_shore_a,
          grunt_megastairs_1
Shoals:2: serial_shops, nicolae_shop_statue_plus, shop,
          nicolae_shop_behind_doors, uniq_polyphemus
Shoals:4: shoals_end_grunt_ice, shoal_ilsuiw, serial_shops, shop, yaktaur_hedge
Snake:2:  minmay_shop_star, uniq_louise
Snake:3:  grunt_megastairs_2
Snake:4:  grunt_snake_rune_serpentine_throne, hangedman_feature_mirror,
          minmay_shop_grid_forest
Slime:3:  cheibrodos_slime_lost_civilization_6
Orc:1:    serial_shops, shop_statue, library_closet, nicolae_orc_stony_grotto
Orc:2:    grunt_orc_gardens, grunt_orc_garden, grunt_orc_garden,
          grunt_orc_garden, grunt_orc_garden
Vaults:1: nicolae_vaults_angled_halls, st_cells,
          nicolae_vaults_little_squares_3, nicolae_vaults_little_squares_6,
          nicolae_vaults_circle_grid_a, v_misc_27,
          nicolae_vaults_little_squares_1, ontoclasm_vaults_hangar,
          vaults_room_grunt_arrival_ludios
Vaults:2: ontoclasm_vaults_decontamination, grunt_vaults_swirl,
          grunt_vaults_funnel, vaults_dpeg_encased_lava, st_greater_box_4,
          nicolae_vaults_little_squares_4, nicolae_vaults_rhombus_7,
          vaults_dpeg_doors, vaults_room_ringed_pool,
          nicolae_vaults_twisting_passages, uniq_boris, uniq_margery
Vaults:3: vaults_dpeg_cross, vaults_mumra_hex,
          nicolae_vaults_stairing_the_circle, nicolae_vaults_little_squares_1,
          vaults_standard_mumra_lines, minmay_crypt_entry_simple_round,
          kb_rosetta, v_alt_pattern_2, grunt_vaults_diagonal, v_misc_27,
          v_pattern_5, ontoclasm_vaults_loading_screen,
          nicolae_vaults_shelves_hall, vaults_room_hallway, uniq_mara,
          uniq_asterion
Vaults:4: hangedman_vaults_nails, nicolae_vaults_specimen_jars, v_alt_pattern_1,
          nicolae_vaults_little_squares_4, dpeg_vaults_pockets_of_resistance,
          vaults_dpeg_spiral, ontoclasm_vaults_ring_square, v_misc_24, v_misc_8,
          v_misc_3, grunt_vaults_bifocal, vaults_room_pools,
          vaults_room_stairs_pillars, nicolae_vaults_network_barrier,
          serial_shops, nicolae_shop_overgrown_old_shop
Crypt:1:  minivault_14, uniq_aizul, uniq_xtahua
Crypt:2:  grunt_ministairs_12, uniq_saint_roka
Crypt:3:  cryptofortress_bobbens
Depths:1: enter_ziggurat_c, corexii_hall_statues_x, grunt_hell_entry_dis_grunt,
          minmay_protected_statue, serial_bayou_shore_b, uniq_enchantress
Depths:2: impenetrable_vault, abyss_entry, fountainhead, serial_shops,
          nicolae_shop_waterfront, nicolae_shop_overgrown_old_shop, shop_statue,
          lightli_too_deep, hangedman_abyss_or_decor_clamps,
          infiniplex_staircase_star
Depths:3: nicolae_legendary_halls, hangedman_decor_riveting,
          grunt_pan_entry_spiral, hell_entry, abyss_entry,
          minmay_misc_feat_encased
Depths:4: radiant_caverns_a_rkd, serial_shops, pan_entry, hell_entry,
          abyss_entry
Depths:5: evilmike_zot_entry_diamond, rand_demon_pan_entry_9, hell_entry,
          lemuel_freeze_loot_1, uniq_frederick
Dis:2:    hangedman_feature_mirror, hangedman_dis_decor_tower
Dis:7:    dis_hangedman
Geh:1:    nicolae_geh_single_fiery_grave
Geh:3:    special_room
Geh:5:    door_vault
Geh:7:    geh_grunt
Coc:2:    grunt_deathspiral_small
Coc:7:    coc_mu
Tar:1:    nicolae_tar_cuneiform_bird
Tar:2:    nicolae_tar_fractal_crypt
Tar:7:    tar_minmay_river
Zot:1:    hangedman_zot_vaults_quadrants
Zot:2:    kennysheep_room_grid
Zot:4:    kennysheep_spiral_hall
Abyss:1:  hangedman_classic_abyss_death
Abyss:4:  evilmike_abyss_rune_ettins
Abyss:5:  guppyfry_abyss_exit_imp_island, evilmike_abyss_exit_12,
          hangedman_elemental_corridor
Pan:      evilmike_mini_pan_pillars, nicolae_pan_sigil_itan,
          nicolae_pan_mnolegish_3, grunt_pan_in_and_out, pan_blood_fountain,
          evilmike_mini_pan_possible_glass, nicolae_pan_cerebovesque_1,
          rand_demon_4, cerebov_grunt_fire_and_steel, pan_blood_fountain_2,
          special_room, evilmike_mini_pan_3x3, evilmike_mini_pan_pillars,
          grunt_pan_pentagram, mnoleg, nicolae_pan_sigil_eeng,
          nicolae_pan_diamonds, pan_blood_fountain_small,
          nicolae_pan_sigil_eeng, nicolae_pan_double_arrow,
          pan_blood_fountain_small, evilmike_mini_pan_layers,
          evilmike_mini_pan_thingy, nicolae_pan_double_arrow, uniq_mennas_pan,
          rand_demon_8, pan_blood_fountain, pan_blood_fountain_small,
          grunt_pan_spiral, evilmike_holy_pan, grunt_pan_pentagram,
          pan_blood_fountain, reaverb_pan_squares,
          evilmike_mini_pan_possible_glass, pan_blood_fountain_2,
          grunt_pan_frozen_over, rand_demon_8, grunt_pan_zigzag,
          pan_blood_fountain, evilmike_mini_pan_rooms, pan_blood_fountain_small,
          nicolae_pan_hourglass, pan_blood_fountain, nicolae_pan_mnolegish_1,
          rand_demon_1, pan_blood_fountain, evilmike_mini_pan_doors_b,
          pan_blood_fountain, gloorx_vloq, nicolae_pan_mnolegish_2,
          rand_demon_6, evilmike_mini_pan_layers, special_room,
          lemuel_hellion_island, nicolae_pan_sigil_itan, grunt_pan_spiral,
          grunt_pan_pentagram, nicolae_pan_sigil_itan, nicolae_pan_hourglass,
          lom_lobon_grunt_wind_tunnels, pan_blood_fountain_small
Sewer:    sewer_sea
IceCv:    ice_cave_small_dragons
Volcano:  volcano_tomb

Skill      XL: |  1  2  3  4  5  6  7  8  9 10 11 12 13 14 15 16 17 18 19 20 21 22 23 24 25 26 27 |
---------------+----------------------------------------------------------------------------------+-----
Unarmed Combat | 3 4 6 7 9 12 13 14 15 17 18 20 21 22 27 | 27.0
Fighting       | 3 7 8 9 11 13 15 16 17 19 21 22 27 | 27.0
Invocations    | 6 8 23 | 23.3
Shields        | 5 9 10 22 | 22.0
Dodging        | 6 7 10 15 17 22 | 22.0
Armour         | 5 10 12 16 20 22 | 22.0
Charms         | 4 |  4.2
Air Magic      | 7 |  7.6
Evocations     | 10 | 10.0

Action                   |  1- 3 |  4- 6 |  7- 9 | 10-12 | 13-15 | 16-18 | 19-21 | 22-24 | 25-27 || total
-------------------------+-------+-------+-------+-------+-------+-------+-------+-------+-------++-------
Melee: Unarmed           |    73 |    85 |   382 |   487 |  1226 |  1429 |  1335 |  1704 | 10445 || 17166
       Lance             |       |       |       |       |       |       |       |       |    22 ||    22
 Fire: Hunting sling     |       |       |     6 |       |     1 |       |       |       |       ||     7
Throw: Large rock        |       |       |     1 |     6 |    29 |     5 |       |     2 |    16 ||    59
       Javelin           |       |       |       |       |     4 |       |       |       |       ||     4
 Cast: Repel Missiles    |       |       |       |       |       |       |       |       |     1 ||     1
       Beastly Appendage |       |       |       |       |       |       |       |       |     1 ||     1
Invok: Heroism           |       |       |     1 |    28 |    35 |    45 |    31 |    40 |   239 ||   419
       Finesse           |       |       |       |     7 |     8 |     8 |     6 |     7 |    52 ||    88
 Abil: Evoke Flight      |       |       |       |       |       |       |       |       |    14 ||    14
       Stop Flying       |       |       |       |       |       |       |       |       |     5 ||     5
Evoke: Wand              |       |     5 |     8 |     6 |     2 |     2 |       |       |    19 ||    42
       Phantom mirror    |       |       |       |       |       |       |       |       |     5 ||     5
       Horn of Geryon    |       |       |       |       |       |       |       |       |     1 ||     1
  Use: Scroll            |       |    12 |     5 |    10 |    11 |    12 |     8 |    19 |    52 ||   129
       Potion            |       |       |     2 |     2 |     1 |     4 |     3 |     7 |    69 ||    88
 Stab: Sleeping          |       |       |     4 |     3 |     1 |     1 |       |       |     2 ||    11
       Distracted        |       |       |       |     2 |       |       |       |       |     8 ||    10
       Petrified         |       |       |       |       |     5 |       |       |       |       ||     5
       Petrifying        |       |       |       |       |     1 |       |       |       |       ||     1
       Invisible         |       |       |       |       |       |     7 |       |       |       ||     7
       Held in net/web   |       |       |       |       |       |     1 |       |       |       ||     1
  Eat: Chunk             |     4 |    12 |    41 |    34 |    53 |    51 |    44 |    14 |   138 ||   391
       Bread ration      |     1 |       |       |       |       |       |       |     6 |    22 ||    29
       Pizza             |       |       |       |     1 |     5 |     6 |       |       |     4 ||    16
       Beef jerky        |       |       |       |     1 |     7 |     2 |     1 |     4 |     7 ||    22
       Royal jelly       |       |       |       |     1 |       |     1 |     1 |       |     5 ||     8
       Meat ration       |       |       |       |       |     4 |     4 |     2 |     6 |    13 ||    29
       Fruit             |       |       |       |       |       |       |     1 |     1 |    31 ||    33
Armor: Robe              |    13 |    22 |    79 |    10 |       |       |       |       |       ||   124
       Skin              |       |       |     2 |    14 |       |       |       |       |     6 ||    22
       Acid dragon scale |       |       |       |    52 |   232 |   163 |       |       |       ||   447
       Pearl dragon scal |       |       |       |       |       |   315 |   353 |   407 |  1536 ||  2611
Dodge: Dodged            |    16 |    24 |    70 |   113 |   289 |   448 |   361 |   610 |  3855 ||  5786
Block: Shield            |    26 |    36 |   158 |    95 |       |       |       |       |       ||   315
       Reflection        |       |       |     2 |    12 |    24 |   116 |   109 |    17 |       ||   280
       Large shield      |       |       |       |   156 |   909 |  1397 |  1070 |  1392 | 10852 || 15776

Table legend:
 A = Turns spent in this place as a percentage of turns spent in the entire game.
 B = Non-inter-level travel turns spent in this place as a percentage of non-inter-level travel turns spent in the entire game.
 C = Inter-level travel turns spent in this place as a percentage of turns spent in this place.
 D = Turns resting spent in this place as a percentage of non-inter-level travel turns spent in this place.
 E = Turns spent auto-exploring this place as a percentage of non-inter-level travel turns spent in this place.
 F = Non-inter-level travel turns spent in this place divided by the number of levels of this place that you've seen.
                   A       B       C       D       E      F
               +-------+-------+-------+-------+-------+----------------------
         Total | 100.0 | 100.0 |   0.3 |   1.4 |   3.2 | 400.6
       Dungeon |  11.1 |  11.1 |   0.7 |   1.5 |   7.0 | 366.8
          Lair |   4.2 |   4.1 |   0.9 |   1.5 |   8.1 | 342.5
        Shoals |   4.7 |   4.7 |   0.4 |   1.8 |   5.4 | 577.8
     Snake Pit |   3.7 |   3.7 |   0.4 |   2.9 |   6.5 | 456.5
    Slime Pits |   2.0 |   2.0 |   0.2 |   2.9 |   0.6 | 197.2
  Orcish Mines |   1.3 |   1.3 |   1.1 |   2.3 |   4.4 | 326.0
        Vaults |   8.5 |   8.5 |   0.2 |   0.6 |   4.3 | 842.6
         Crypt |   3.3 |   3.3 |   0.3 |   1.0 |   6.3 | 554.0
          Tomb |   7.3 |   7.3 |   0.5 |   5.1 |   2.1 | 1201.3
        Depths |   6.9 |   6.9 |   0.3 |   0.3 |   5.0 | 684.2
          Hell |   1.5 |   1.5 |   1.1 |   1.6 |   1.4 | 732.0
           Dis |   3.9 |   3.9 |   0.0 |   0.6 |   0.0 | 275.9
       Gehenna |   2.8 |   2.8 |   0.0 |   0.3 |   0.0 | 198.0
       Cocytus |   4.4 |   4.4 |   0.0 |   0.9 |   0.0 | 315.4
      Tartarus |   4.2 |   4.2 |   0.0 |   0.6 |   0.0 | 414.4
           Zot |   4.5 |   4.5 |   0.0 |   0.0 |   0.8 | 446.6
         Abyss |   6.1 |   6.1 |   0.0 |   0.0 |   0.0 | 1007.0
   Pandemonium |  18.1 |  18.2 |   0.0 |   1.2 |   2.0 | 265.9
         Sewer |   0.7 |   0.7 |   0.0 |   0.0 |   0.0 | 326.0
      Ice Cave |   0.6 |   0.6 |   0.0 |   6.0 |   2.1 | 285.0
       Volcano |   0.4 |   0.4 |   0.0 |   0.0 |   0.0 | 213.0
               +-------+-------+-------+-------+-------+----------------------

Table legend:
 A = Kills in this place as a percentage of kills in entire the game.
 B = Kills by you in this place as a percentage of kills by you in the entire game.
 C = Kills by friends in this place as a percentage of kills by friends in the entire game.
 D = Other kills in this place as a percentage of other kills in the entire game.
 E = Experience gained in this place as a percentage of experience gained in the entire game.
 F = Experience gained in this place divided by the number of levels of this place that you have seen.
                   A       B       C       D       E      F
               +-------+-------+-------+-------+-------+----------------------
         Total | 100.0 | 100.0 | 100.0 | 100.0 | 100.0 | 32341.9
       Dungeon |   9.8 |   9.8 |   0.0 |  12.5 |   2.7 | 7195.6
          Lair |   3.2 |   3.3 |   0.0 |   0.0 |   1.2 | 7879.3
        Shoals |   3.8 |   3.7 |   0.0 |  15.6 |   2.5 | 25312.8
     Snake Pit |   3.4 |   3.3 |  70.0 |   3.1 |   2.6 | 25928.5
    Slime Pits |   2.4 |   2.4 |   0.0 |   0.0 |   2.3 | 18767.8
  Orcish Mines |   2.0 |   2.0 |   0.0 |   0.0 |   0.5 | 9277.0
        Vaults |  10.5 |  10.3 |   0.0 |  43.8 |  11.3 | 90425.2
         Crypt |   3.7 |   3.8 |   0.0 |   0.0 |   3.5 | 46121.3
          Tomb |   5.8 |   5.9 |   0.0 |   3.1 |   9.3 | 124952.3
        Depths |   7.3 |   7.3 |   0.0 |   6.2 |   8.1 | 64659.0
          Hell |   1.9 |   1.9 |   0.0 |   0.0 |   1.5 | 58189.0
           Dis |   3.8 |   3.8 |   0.0 |   0.0 |   4.7 | 26960.9
       Gehenna |   3.6 |   3.6 |   0.0 |   0.0 |   3.1 | 17981.7
       Cocytus |   5.2 |   5.2 |   0.0 |   3.1 |   5.3 | 30445.4
      Tartarus |   4.5 |   4.5 |   0.0 |   0.0 |   4.6 | 36761.2
           Zot |   3.5 |   3.5 |   0.0 |   0.0 |   9.1 | 73185.8
         Abyss |   8.3 |   8.3 |   0.0 |   3.1 |   6.1 | 81846.3
   Pandemonium |  15.9 |  16.0 |  30.0 |   9.4 |  21.4 | 25238.1
         Sewer |   0.8 |   0.9 |   0.0 |   0.0 |   0.0 | 147.0
      Ice Cave |   0.4 |   0.4 |   0.0 |   0.0 |   0.1 | 5497.0
       Volcano |   0.2 |   0.3 |   0.0 |   0.0 |   0.1 | 4273.0
               +-------+-------+-------+-------+-------+----------------------
